 Dungeon Crawl Stone Soup version 0.30.0-5-g1a98f26d00 (webtiles) character file.

Game seed: 18178621751319940361

96661 Implojin the Slicer (level 16, -3/106 HPs)
             Began as a Tengu Enchanter on May 9, 2023.
             Was a Believer of Uskayaw.
             Slain by a water elemental (8 damage)
             ... led by a merfolk aquamancer
             ... on level 1 of the Shoals.
             The game lasted 01:12:32 (38391 turns).

Implojin the Slicer (Tengu Enchanter)              Turns: 38391, Time: 01:12:33

Health: -3/106     AC: 25    Str:  9    XL:     16   Next: 17%
Magic:  28/28      EV: 10    Int: 22    God:    Uskayaw [**....]
Gold:   576        SH:  0    Dex: 18    Spells: 19/19 levels left

rFire   + . .        s - +9 dagger of Wonderful Watchfulness {freeze, rElec rPois rN+++ Str-5}
rCold   + . .        (no shield)
rNeg    + + +        H - +10 chain mail of the Armoured One {Will+ Int+3}
rPois   +            (helmet restricted)
rElec   +            O - scarf {rC+ rF+}
rCorr   .            (no gloves)
SInv    .            (boots unavailable)
Will    ++...        b - amulet of faith
Stlth   ++           T - +6 ring of strength
HPRegen 0.37/turn    D - +4 ring of protection
MPRegen 0.21/turn

%: faith
@: about to teleport, flying quickly and evasively, mesmerised, studying
Polearms, quick
A: beak, talons 3, nimble flight, high MP 1, electricity resistance, weak 1,
MP-powered wands
a: Renounce Religion, Stomp, Line Pass


You were on level 1 of the Shoals.
You worshipped Uskayaw.
Uskayaw was pleased with you.
You visited 5 branches of the dungeon, and saw 24 of its levels.

You collected 3940 gold pieces.
You spent 3364 gold pieces at shops.

Inventory:

Hand Weapons
 e - a +2 short sword of speed
 s - the +9 dagger of Wonderful Watchfulness (weapon) {freeze, rElec rPois rN+++ Str-5}
   (You found it on level 13 of the Dungeon)

   Str:       It affects your strength (-5).
   rElec:     It insulates you from electricity.
   rPois:     It protects you from poison.
   rN:        It renders you almost immune to negative energy.
 K - a +0 rapier
Missiles
 d - 2 boomerangs of dispersal
 y - 17 boomerangs
 A - 53 poisoned darts (quivered)
 S - 2 curare-tipped darts
 W - a throwing net
Armour
 p - a +0 tower shield
 t - a +2 troll leather armour {Snorg}
 H - the +10 chain mail of the Armoured One (worn) {Will+ Int+3}
   (You found it on level 6 of the Dungeon)

   Int:       It affects your intelligence (+3).
   Will:      It increases your willpower.
 O - a scarf of resistance (worn)
 U - the +0 cloak of the Sea {Rampage MP+9}
   (You bought it in a shop on level 14 of the Dungeon)

   MP:        It affects your magic capacity (+9).
   Rampage:   It bestows one free step when moving towards enemies.
 X - +0 acid dragon scales
 Y - the +5 ring mail of Catatonia {rN+}
   (You bought it in a shop on level 14 of the Dungeon)

   rN:        It protects you from negative energy.
Jewellery
 a - a ring of see invisible
 b - an amulet of faith (around neck)
 c - a ring of protection from cold
 z - a ring of protection from fire
 D - a +4 ring of protection (right hand)
 L - a ring of protection from cold
 P - a ring of resist corrosion
 T - a +6 ring of strength (left hand)
Wands
 i - a wand of mindburst (4)
 v - a wand of charming (6)
 w - a wand of polymorph (31)
 I - a wand of digging (4)
 R - a wand of light (4)
Scrolls
 f - 3 scrolls of magic mapping
 g - 8 scrolls of poison
 m - 6 scrolls of enchant armour
 n - 6 scrolls of teleportation
 u - 4 scrolls of identify
 B - a scroll of brand weapon
 C - 2 scrolls of enchant weapon
 E - 3 scrolls of blinking
 F - 5 scrolls of vulnerability
 Z - 2 scrolls of fog
Potions
 j - 11 potions of curing
 k - 7 potions of haste
 l - 7 potions of heal wounds
 o - 4 potions of might
 r - a potion of invisibility
 x - 3 potions of lignification
 G - 2 potions of magic
 J - a potion of cancellation
 M - 4 potions of berserk rage
 N - 2 potions of ambrosia
 Q - 4 potions of resistance
Miscellaneous
 h - a box of beasts (inert)


   Skills:
 - Level 14.0 Fighting
 - Level 14.0(14.9) Short Blades
 * Level 8.6(12.3) Long Blades
 - Level 3.0 Throwing
 - Level 10.0 Armour
 - Level 10.0 Dodging
 - Level 10.0 Stealth
 - Level 2.0 Spellcasting
 - Level 2.1 Hexes
 - Level 12.0 Invocations
 - Level 3.0 Evocations


You had 19 spell levels left.
You didn't know any spells.
Your spell library contained the following spells:

 Spells                   Type           Power      Damage    Failure   Level
 Magic Dart               Conj           8%         1d3       98%         1
 Ensorcelled Hibernation  Hex/Ice        14%        N/A       98%         2
 Blink                    Tloc           4%         N/A       99%         2
 Call Imp                 Summ           4%         N/A       99%         2
 Lesser Beckoning         Tloc           4%         N/A       99%         2
 Momentum Strike          Conj/Tloc      4%         3d8       99%         2
 Poisonous Vapours        Pois/Air       4%         N/A       99%         2
 Searing Ray              Conj           4%         2d4       99%         2
 Confusing Touch          Hex            11%        N/A       99%         3
 Tukima's Dance           Hex            11%        N/A       99%         3
 Call Canine Familiar     Summ           2%         N/A       100%        3
 Dazzling Flash           Conj/Hex       14%        N/A       100%        3
 Ignite Poison            Fire/Tmut/Pois 2%         N/A       100%        3
 Mephitic Cloud           Conj/Pois/Air  2%         N/A       100%        3
 Ozocubu's Armour         Ice            2%         N/A       100%        3
 Portal Projectile        Hex/Tloc       14%        N/A       100%        3
 Volatile Blastmotes      Fire/Tloc      4%         2d10      100%        3
 Animate Dead             Necr           2%         N/A       100%        4
 Fulminant Prism          Conj/Hex       3%         3d5       100%        4
 Iskenderun's Mystic Bla  Conj/Tloc      2%         2d3       100%        4
 Sticky Flame             Conj/Fire      2%         2d3       100%        4
 Blade Hands              Tmut           1%         N/A       100%        5
 Borgnjor's Vile Clutch   Necr/Erth      1%         N/A       100%        5
 Fireball                 Conj/Fire      1%         3d3       100%        5
 Freezing Cloud           Conj/Ice/Air   1%         6-21      100%        5
 Iskenderun's Battlesphe  Conj           2%         2d6       100%        5
 Metabolic Englaciation   Hex/Ice        3%         N/A       100%        5
 Conjure Ball Lightning   Conj/Air       1%         3x3d6     100%        6
 Death Channel            Necr           1%         N/A       100%        6
 Simulacrum               Ice/Necr       1%         N/A       100%        6
 Starburst                Conj/Fire      1%         6d3       100%        6
 Orb of Destruction       Conj           1%         9d5       100%        7
 Ignition                 Fire           1%         3d3       100%        8
 Fire Storm               Conj/Fire      1%         7d1       100%        9


Dungeon Overview and Level Annotations

Branches:
Dungeon (15/15) Temple (1/1) D:6 Lair (5/5) D:9 Shoals (1/4) Lair:3 Spider (0/4) Lair:2 Slime (0/5) Lair:5 Orc (2/2) D:9 Elf (0/3) Orc:2 Vaults (0/5) D:12 D:13 Depths (0/4) D:15

Altars:
Ashenzari
Cheibriados
Dithmenos
Elyvilon
Fedhas
Gozag
Hepliaklqana
Kikubaaqudgha
Makhleb
Nemelex Xobeh
Okawaru
Qazlal
Ru
Sif Muna
Trog
Uskayaw
Vehumet
Wu Jian
Xom
Yredelemnul
Zin
The Shining One
Jiyva

Shops:
D:7 (*   D:9 [   D:14 *   D:15 ?   Orc:2 !**((

Annotations:
D:9 2 transporters, ChongLi's ghost, novice DgHu
D:12 exclusion: downstairs


Innate Abilities, Weirdness & Mutations

You have a beak for a mouth.
You have claws for feet.
Your magical nature lets you fly swiftly and evasively.
You have an increased reservoir of magic. (+10% MP)
You are resistant to electric shocks. (rElec)
You are weak. (Str -2)
You expend magic power (3 MP) to strengthen your wands.


Message History

Danger: merfolk aquamancer |T2| Reason: Throw Icicle deals more than 50% MHP!
Danger: Low HP Warning |T2| Reason: 30% HP (32/106) Unknown command.
Unknown command.
Okay, then.
Blink to where?
Press: ? - help, Dir - move target You cannot blink away from the merfolk avatar!
Blink to where?
Press: ? - help, Dir - move target, f - you
Okay, then.
Unknown command.
As you read the scroll of teleportation, it crumbles to dust.
You feel strangely unstable.
The merfolk avatar chants its luring song.
The water elemental hits you!
The water elemental engulfs you in water!
The water elemental hits you. The drowned soul touches you.
The drowned soul drowns you!
The merfolk hits you but does no damage.
Danger: Low HP Warning |T3| Reason: 3% HP (4/106) Unknown command.
Unknown command.
You slip free of the water engulfing you.
You gasp with relief as air once again reaches your lungs.
The merfolk aquamancer points at you and mumbles some strange words.
The ball of steam misses you.
The merfolk avatar chants its luring song.
The water elemental hits you.
The water elemental engulfs you in water!
Danger: Low HP Warning |T3| Reason: 4% HP (5/106)
You cannot read scrolls while unable to breathe!
Unknown command.
Okay, then.
You slip free of the water engulfing you.
You gasp with relief as air once again reaches your lungs.
The merfolk avatar chants its luring song.
The water elemental is engulfed in a cloud of scalding steam.
The water elemental hits you!
You die...

≈≈≈≈≈≈≈≈≈≈≈≈≈≈≈
≈≈≈≈≈≈≈≈≈≈≈≈≈≈≈≈≈
≈≈≈≈≈≈≈≈≈≈≈≈≈≈≈≈≈
≈≈≈≈≈≈≈≈≈≈≈≈≈≈≈≈≈≈
≈≈≈≈m≈≈≈≈≈≈≈≈≈≈≈≈≈≈≈≈≈≈≈≈≈≈
~~~~~§§~~~~≈≈≈≈≈≈≈≈≈≈≈≈≈≈≈~
~~~~~~~§§~~~~~~~≈≈≈≈~~~~~~~
~~~~~~~~~E§~~~~~~≈~~~~~~~~~
~~~.~~~~Em@~~~~~~~~~~~~~~~~
~~~~~~~~~~~..~~~~~~~~~~~~~~
~~.....m~~~~~~~~~~~~.....~.
§~..[.~~.~~~~~~~~..........
~..##.~~........~.........#
.. #..~~............######
~~~...~...##......###
~~~~......#........)######
~~~~...~~~~~~~~~~~........#


You could see a merfolk avatar (mesmerising), a merfolk and 2 water elementals.

Vanquished Creatures
  The ghost of Axipewex the Grappler, a journeyman OgTm of Okawaru (D:14)
  An orc warlord (Orc:1)
  Snorg (Orc:1)
  Erolcha (D:12)
  5 hydras
  6 centaur warriors
  A catoblepas (D:14)
  Erica (Orc:1)
  A death knight (D:12)
  2 two-headed ogres
  3 boulder beetles
  5 death yaks (D:9)
  3 orc high priests (Orc:2)
  2 skysharks (Lair:3)
  A pharaoh ant (Lair:2)
  3 skeletal warriors
  A flayed ghost (D:15)
  A lindwurm (Lair:3)
  A deep elf pyromancer (D:15)
  A phantasmal warrior (D:12)
  6 harpies (Lair:3)
  6 orc knights
  2 manticores
  A necromancer (D:15)
  5 orc sorcerers
  A salamander (shapeshifter) (D:15)
  8 ugly things
  A fire giant zombie (D:15)
  6 cyclopes
  4 black mambas
  A merfolk siren (Shoals:1)
  4 elephants
  3 gargoyles
  An unseen horror (D:12)
  9 cane toads
  5 rime drakes
  8 kobold demonologists
  5 komodo dragons
  A freezing wraith (D:14)
  A guardian mummy (D:15)
  A tengu conjurer (D:15)
  7 trolls
  9 polar bears (Lair:5)
  2 tarantellas (Lair:2)
  3 raiju (Lair:5)
  2 hornets
  Prince Ribbit (D:7)
  8 dream sheep
  A snapping turtle (Shoals:1)
  14 slime creatures
  A jumping spider (Lair:2)
  20 blink frogs
  3 spriggan skeletons (D:15)
  A yak (shapeshifter) (D:13)
  2 shadows (D:12)
  5 wyverns
  A vampire (D:11)
  52 yaks
  2 steam dragons
  4 wraiths
  15 humans
  A redback (Lair:2)
  2 basilisks
  12 vampire mosquitoes
  12 wargs
  21 water moccasins
  12 hell hounds (Lair:5)
  2 acid dragons
  Duvessa (D:4)
  32 orc warriors
  2 sky beasts (D:8)
  14 black bears
  2 ice beasts
  5 boggarts (D:14)
  4 ogres
  35 wolves
  6 centaurs
  5 bullfrogs
  6 kobold brigands
  3 scorpions
  2 gnoll sergeants
  A hornet simulacrum (D:14)
  6 wights (D:8)
  Dowan (D:4)
  3 killer bees
  3 howler monkeys
  8 hounds
  8 jellies
  Crazy Yiuf (D:7)
  2 gnoll boudas
  22 orc priests
  2 iguanas
  21 orc wizards
  8 adders
  12 gnolls
  2 white imps
  An ufetubus (D:5)
  2 worms
  A dart slug (D:2)
  79 orcs
  10 endoplasms
  2 giant cockroaches
  9 goblins
  3 hobgoblins
  2 jackals (D:5)
  25 kobolds
  2 quokkas
  4 ball pythons
  5 bats
  2 frilled lizards
699 creatures vanquished.

Vanquished Creatures (collateral kills)
  Rupert (D:13)
  A centaur warrior (D:15)
2 creatures vanquished.

Vanquished Creatures (others)
  A tengu warrior (D:15)
  A komodo dragon (Lair:5)
  An orc (D:14)
3 creatures vanquished.

Grand Total: 704 creatures vanquished

Notes
Turn   | Place    | Note
-------+----------+-------------------------------------------
     0 | D:1      | Implojin the Tengu Enchanter began the quest for the Orb.
     0 | D:1      | Reached XP level 1. HP: 10/10 MP: 4/4
   142 | D:1      | Danger: endoplasm |T2| Reason: Freeze deals more than 50%
                  | MHP!
   149 | D:1      | Danger: Low HP Warning |T2| Reason: 60% HP (6/10)
   249 | D:1      | Danger: endoplasm |T2| Reason: Freeze deals more than 50%
                  | MHP!
   264 | D:1      | Danger: endoplasm |T2| Reason: Freeze deals more than 50%
                  | MHP!
   268 | D:1      | Reached XP level 2. HP: 15/15 MP: 6/6
   813 | D:2      | Danger: Low HP Warning |T2| Reason: 53% HP (8/15)
   814 | D:2      | Reached XP level 3. HP: 10/19 MP: 7/7
   814 | D:2      | Danger: Low HP Warning |T2| Reason: 52% HP (10/19)
   815 | D:2      | Danger: Low HP Warning |T2| Reason: 52% HP (10/19)
   816 | D:2      | Danger: Low HP Warning |T2| Reason: 52% HP (10/19)
   817 | D:2      | Danger: Low HP Warning |T2| Reason: 52% HP (10/19)
  1183 | D:3      | Got the Lectures on Injury and Production
  1209 | D:3      | Danger: Low HP Warning |T2| Reason: 47% HP (9/19)
  1210 | D:3      | Danger: Low HP Warning |T2| Reason: 47% HP (9/19)
  1266 | D:3      | Noticed a phantom
  1353 | D:3      | Noticed Terence
  1354 | D:3      | Danger: Terence |T2| Reason: Unique monster, careful!
  1354 | D:3      | Danger: Terence |T2| Reason: carrying a wand of polymorph
                  | (14), careful!
  1420 | D:3      | Danger: orc |T2| Reason: Quivering boomerangs, careful!
  1610 | D:3      | Danger: orc |T2| Reason: Quivering boomerangs, careful!
  1610 | D:3      | Danger: orc priest |T2| Reason: OOD monster, careful!
  1610 | D:3      | Danger: orc priest |T2| Reason: Smiting deals more than 50%
                  | MHP!
  1612 | D:3      | Danger: orc |T2| Reason: Quivering boomerangs, careful!
  1613 | D:3      | Reached XP level 4. HP: 24/24 MP: 8/8
  1614 | D:3      | Reached skill level 1 in Fighting
  1844 | D:3      | Found a faded altar of an unknown god.
  2227 | D:3      | Danger: Terence |T2| Reason: Unique monster, careful!
  2227 | D:3      | Danger: Terence |T2| Reason: carrying a wand of polymorph
                  | (14), careful!
  2227 | D:3      | Terence changed into Terence the adder
  2227 | D:3      | Noticed Terence
  2235 | D:3      | Killed Terence the adder
  2607 | D:3      | Gained mutation: Your magical nature lets you fly swiftly
                  | and evasively. [Tengu growth]
  2607 | D:3      | Reached XP level 5. HP: 28/31 MP: 9/9
  2646 | D:3      | Danger: gnoll bouda |T2| Reason: OOD monster, careful!
  2646 | D:3      | Danger: Low HP Warning |T2| Reason: 56% HP (18/32)
  2647 | D:3      | Danger: Low HP Warning |T2| Reason: 59% HP (19/32)
  2648 | D:3      | Danger: Low HP Warning |T2| Reason: 59% HP (19/32)
  2649 | D:3      | Danger: Low HP Warning |T2| Reason: 59% HP (19/32)
  2650 | D:3      | Danger: Low HP Warning |T2| Reason: 59% HP (19/32)
  2651 | D:3      | Danger: Low HP Warning |T2| Reason: 59% HP (19/32)
  2878 | D:4      | Reached XP level 6. HP: 38/38 MP: 10/10
  2975 | D:4      | Noticed Dowan
  2976 | D:4      | Danger: Dowan |T2| Reason: Unique monster, careful!
  3299 | D:4      | Noticed Blork the orc
  3302 | D:4      | Danger: Blork the orc |T2| Reason: Unique monster, careful!
  3304 | D:4      | Danger: Blork the orc |T2| Reason: Unique monster, careful!
  3304 | D:4      | Blork the orc changed into Blork the howler monkey
  3304 | D:4      | Noticed Blork
  3305 | D:4      | Danger: Blork the howler monkey |T2| Reason: OOD monster,
                  | careful!
  3311 | D:4      | Killed Blork the howler monkey
  3680 | D:4      | Found an opulent altar of Gozag.
  3681 | D:4      | Found a glowing silver altar of Zin.
  3744 | D:5      | Entered Level 5 of the Dungeon
  4066 | D:5      | Danger: Low HP Warning |T2| Reason: 60% HP (23/38)
  4067 | D:5      | Danger: Low HP Warning |T2| Reason: 57% HP (22/38)
  4068 | D:5      | Danger: Low HP Warning |T2| Reason: 36% HP (14/38)
  4069 | D:5      | Danger: Low HP Warning |T2| Reason: 36% HP (14/38)
  4070 | D:5      | Danger: Low HP Warning |T2| Reason: 31% HP (12/38)
  4227 | D:5      | Danger: Low HP Warning |T2| Reason: 47% HP (18/38)
  4311 | D:5      | Found an ancient bone altar of Kikubaaqudgha.
  4398 | D:5      | Reached skill level 5 in Short Blades
  4567 | D:5      | Reached XP level 7. HP: 43/43 MP: 11/11
  4667 | D:6      | Identified the +10 chain mail of the Armoured One {Will+
                  | Int+3}
  4670 | D:6      | Found a sparkling altar of Nemelex Xobeh.
  4928 | D:6      | Danger: orc |T2| Reason: Quivering boomerangs, careful!
  5141 | D:6      | Found a staircase to the Ecumenical Temple.
  5150 | Temple   | Entered the Ecumenical Temple
  5220 | Temple   | Became a worshipper of Uskayaw the Reveller
  5287 | D:6      | Reached * piety under Uskayaw
  5290 | D:6      | Reached ** piety under Uskayaw
  5291 | D:6      | Reached XP level 8. HP: 48/48 MP: 12/12
  5334 | D:6      | Identified the +9 plate armour of the Armoured One {Dex+2}
  5378 | D:6      | Reached skill level 1 in Invocations
  5593 | D:7      | Danger: kobold brigand |T2| Reason: Quivering poison darts
                  | and no rPois, careful!
  5596 | D:7      | Danger: kobold brigand |T2| Reason: Quivering poison darts
                  | and no rPois, careful!
  5607 | D:7      | Reached *** piety under Uskayaw
  5657 | D:7      | Noticed Prince Ribbit
  5658 | D:7      | Danger: Prince Ribbit |T2| Reason: Unique monster, careful!
  5661 | D:7      | Danger: Prince Ribbit |T2| Reason: Unique monster, careful!
  5683 | D:7      | Killed Prince Ribbit
  5935 | D:7      | Found Veorphuo's Weapon Boutique.
  6042 | D:7      | Reached **** piety under Uskayaw
  6623 | D:7      | Reached skill level 5 in Invocations
  6660 | D:7      | Found a runed translucent door.
  6661 | D:7      | Noticed Crazy Yiuf
  6739 | D:7      | Danger: Crazy Yiuf |T2| Reason: Unique monster, careful!
  6747 | D:7      | Danger: Low HP Warning |T2| Reason: 44% HP (21/47)
  6748 | D:7      | Killed Crazy Yiuf
  6927 | D:7      | Found Bimain's Assorted Antiques.
  6930 | D:7      | Bought a scroll labelled KUBBEO XEOTYPN for 36 gold pieces
  6930 | D:7      | Bought a red potion for 32 gold pieces
  6930 | D:7      | Bought a lumpy pink potion for 32 gold pieces
  6930 | D:7      | Bought an inky potion for 32 gold pieces
  6964 | D:8      | Noticed a white ugly thing
  6966 | D:8      | Danger: white ugly thing |T2| Reason: OOD monster, careful!
  6972 | D:8      | Danger: white ugly thing |T2| Reason: OOD monster, careful!
  6982 | D:8      | Danger: Low HP Warning |T2| Reason: 43% HP (21/48)
  6983 | D:8      | Danger: Low HP Warning |T2| Reason: 43% HP (21/48)
  6984 | D:8      | Danger: Low HP Warning |T2| Reason: 43% HP (21/48)
  6984 | D:8      | Killed a white ugly thing
  6985 | D:8      | Reached XP level 9. HP: 23/52 MP: 12/14
  7397 | D:8      | Danger: Low HP Warning |T2| Reason: 50% HP (26/52)
  7670 | D:8      | Noticed a troll
  7782 | D:8      | Danger: steam dragon |T2| Reason: Steam Ball deals more
                  | than 50% MHP!
  7792 | D:8      | Danger: steam dragon |T2| Reason: Steam Ball deals more
                  | than 50% MHP!
  7798 | D:8      | Reached skill level 10 in Short Blades
  7800 | D:8      | Reached ***** piety under Uskayaw
  7814 | D:8      | Noticed a centaur warrior
  7815 | D:8      | Danger: centaur warrior |T2| Reason: OOD monster, careful!
  7820 | D:8      | Danger: Low HP Warning |T2| Reason: 48% HP (25/52)
  7820 | D:8      | Noticed a kobold demonologist
  7821 | D:8      | Danger: Low HP Warning |T2| Reason: 32% HP (17/52)
  7822 | D:8      | Danger: Low HP Warning |T2| Reason: 34% HP (18/52)
  7823 | D:8      | Danger: Low HP Warning |T3| Reason: 21% HP (11/52)
  7824 | D:8      | Danger: Low HP Warning |T3| Reason: 19% HP (10/52)
  7824 | D:8      | Killed a troll
  7825 | D:8      | Reached skill level 5 in Fighting
  7825 | D:8      | Danger: Low HP Warning |T3| Reason: 20% HP (11/54)
  8290 | D:8      | Noticed a troll
  8298 | D:8      | Danger: centaur warrior |T2| Reason: OOD monster, careful!
  8303 | D:8      | Danger: Low HP Warning |T2| Reason: 54% HP (30/55)
  8304 | D:8      | Danger: Low HP Warning |T2| Reason: 47% HP (26/55)
  8305 | D:8      | Danger: Low HP Warning |T2| Reason: 49% HP (27/55)
  8306 | D:8      | Danger: Low HP Warning |T2| Reason: 49% HP (27/55)
  8307 | D:8      | Danger: Low HP Warning |T2| Reason: 49% HP (27/55)
  8308 | D:8      | Danger: Low HP Warning |T2| Reason: 49% HP (27/55)
  8309 | D:8      | Danger: Low HP Warning |T2| Reason: 40% HP (22/55)
  8310 | D:8      | Danger: Low HP Warning |T2| Reason: 40% HP (22/55)
  8311 | D:8      | Danger: Low HP Warning |T2| Reason: 40% HP (22/55)
  8312 | D:8      | Danger: Low HP Warning |T2| Reason: 40% HP (22/55)
  8313 | D:8      | Danger: Low HP Warning |T2| Reason: 27% HP (15/55)
  8314 | D:8      | Danger: Low HP Warning |T2| Reason: 27% HP (15/55)
  8315 | D:8      | Danger: Low HP Warning |T2| Reason: 29% HP (16/55)
  8315 | D:8      | Killed a centaur warrior
  8316 | D:8      | Reached XP level 10. HP: 18/63 MP: 15/15
  8682 | D:9      | Noticed a death yak
  8717 | D:9      | Killed a death yak
  8719 | D:9      | Noticed a death yak
  8720 | D:9      | Noticed a death yak
  8745 | D:9      | Danger: Low HP Warning |T2| Reason: 57% HP (39/68)
  8746 | D:9      | Danger: Low HP Warning |T2| Reason: 57% HP (39/68)
  8747 | D:9      | Danger: Low HP Warning |T2| Reason: 57% HP (39/68)
  8748 | D:9      | Danger: Low HP Warning |T2| Reason: 57% HP (39/68)
  8749 | D:9      | Danger: Low HP Warning |T2| Reason: 57% HP (39/68)
  8750 | D:9      | Danger: Low HP Warning |T2| Reason: 44% HP (30/68)
  8750 | D:9      | Noticed a death yak
  8751 | D:9      | Danger: Low HP Warning |T2| Reason: 44% HP (30/68)
  8752 | D:9      | Danger: Low HP Warning |T2| Reason: 45% HP (31/68)
  8753 | D:9      | Danger: Low HP Warning |T2| Reason: 45% HP (31/68)
  8754 | D:9      | Danger: Low HP Warning |T2| Reason: 45% HP (31/68)
  8755 | D:9      | Danger: Low HP Warning |T2| Reason: 45% HP (31/68)
  8755 | D:9      | Killed a death yak
  8756 | D:9      | Reached skill level 10 in Fighting
  8756 | D:9      | Reached skill level 5 in Armour
  8756 | D:9      | Danger: Low HP Warning |T2| Reason: 45% HP (31/68)
  8757 | D:9      | Noticed a death yak
  8757 | D:9      | Danger: Low HP Warning |T2| Reason: 45% HP (31/68)
  8760 | D:9      | Danger: Low HP Warning |T2| Reason: 47% HP (32/68)
  8761 | D:9      | Danger: Low HP Warning |T2| Reason: 47% HP (32/68)
  8762 | D:9      | Danger: Low HP Warning |T2| Reason: 48% HP (33/68)
  8763 | D:9      | Danger: Low HP Warning |T2| Reason: 48% HP (33/68)
  8764 | D:9      | Danger: Low HP Warning |T2| Reason: 48% HP (33/68)
  8904 | D:9      | Reached skill level 1 in Throwing
  8925 | D:9      | Found a basalt altar of Yredelemnul.
  9038 | D:9      | Found a staircase to the Lair.
  9049 | D:9      | Reached XP level 11. HP: 63/72 MP: 16/16
  9078 | D:9      | Danger: kobold brigand |T2| Reason: Quivering poison darts
                  | and no rPois, careful!
  9084 | D:9      | Danger: kobold brigand |T2| Reason: Quivering poison darts
                  | and no rPois, careful!
  9089 | D:9      | Found a hazy altar of Hepliaklqana.
  9115 | D:9      | Danger: Low HP Warning |T2| Reason: 59% HP (43/72)
  9122 | D:9      | Danger: orc |T2| Reason: Electrocution weapon and no rElec!
  9124 | D:9      | Danger: Low HP Warning |T2| Reason: 59% HP (43/72)
  9125 | D:9      | Danger: Low HP Warning |T2| Reason: 59% HP (43/72)
  9126 | D:9      | Danger: Low HP Warning |T2| Reason: 59% HP (43/72)
  9127 | D:9      | Danger: Low HP Warning |T2| Reason: 59% HP (43/72)
  9128 | D:9      | Danger: Low HP Warning |T2| Reason: 44% HP (32/72)
  9129 | D:9      | Danger: Low HP Warning |T2| Reason: 44% HP (32/72)
  9130 | D:9      | Danger: Low HP Warning |T2| Reason: 45% HP (33/72)
  9131 | D:9      | Danger: Low HP Warning |T2| Reason: 45% HP (33/72)
  9132 | D:9      | Danger: Low HP Warning |T2| Reason: 45% HP (33/72)
  9133 | D:9      | Danger: Low HP Warning |T2| Reason: 44% HP (32/72)
  9134 | D:9      | Danger: Low HP Warning |T2| Reason: 44% HP (32/72)
  9135 | D:9      | Danger: Low HP Warning |T2| Reason: 44% HP (32/72)
  9136 | D:9      | Danger: Low HP Warning |T2| Reason: 44% HP (32/72)
  9137 | D:9      | Danger: Low HP Warning |T2| Reason: 45% HP (33/72)
  9138 | D:9      | Danger: Low HP Warning |T2| Reason: 45% HP (33/72)
  9139 | D:9      | Danger: Low HP Warning |T2| Reason: 45% HP (33/72)
  9139 | D:9      | Reached ****** piety under Uskayaw
  9140 | D:9      | Danger: Low HP Warning |T2| Reason: 45% HP (33/72)
  9141 | D:9      | Danger: Low HP Warning |T2| Reason: 45% HP (33/72)
  9142 | D:9      | Danger: Low HP Warning |T2| Reason: 45% HP (33/72)
  9143 | D:9      | Danger: Low HP Warning |T2| Reason: 45% HP (33/72)
  9144 | D:9      | Danger: Low HP Warning |T2| Reason: 45% HP (33/72)
  9145 | D:9      | Danger: Low HP Warning |T2| Reason: 47% HP (34/72)
  9146 | D:9      | Danger: Low HP Warning |T2| Reason: 47% HP (34/72)
  9147 | D:9      | Danger: Low HP Warning |T2| Reason: 47% HP (34/72)
  9148 | D:9      | Danger: Low HP Warning |T2| Reason: 47% HP (34/72)
  9149 | D:9      | Danger: Low HP Warning |T2| Reason: 47% HP (34/72)
  9150 | D:9      | Danger: Low HP Warning |T2| Reason: 48% HP (35/72)
  9152 | D:9      | Danger: Low HP Warning |T2| Reason: 48% HP (35/72)
  9153 | D:9      | Danger: Low HP Warning |T2| Reason: 48% HP (35/72)
  9153 | D:9      | Found a transporter.
  9155 | D:9      | Danger: Low HP Warning |T2| Reason: 48% HP (35/72)
  9158 | D:9      | Danger: Low HP Warning |T2| Reason: 50% HP (36/72)
  9159 | D:9      | Danger: Low HP Warning |T2| Reason: 50% HP (36/72)
  9160 | D:9      | Danger: Low HP Warning |T2| Reason: 50% HP (36/72)
  9161 | D:9      | Danger: Low HP Warning |T2| Reason: 50% HP (36/72)
  9164 | D:9      | Danger: Low HP Warning |T2| Reason: 50% HP (36/72)
  9165 | D:9      | Danger: Low HP Warning |T2| Reason: 51% HP (37/72)
  9166 | D:9      | Danger: Low HP Warning |T2| Reason: 51% HP (37/72)
  9169 | D:9      | Danger: Low HP Warning |T2| Reason: 51% HP (37/72)
  9170 | D:9      | Danger: Low HP Warning |T2| Reason: 51% HP (37/72)
  9171 | D:9      | Danger: Low HP Warning |T2| Reason: 51% HP (37/72)
  9173 | D:9      | Danger: Low HP Warning |T2| Reason: 51% HP (37/72)
  9175 | D:9      | Danger: Low HP Warning |T2| Reason: 52% HP (38/72)
  9176 | D:9      | Danger: Low HP Warning |T2| Reason: 52% HP (38/72)
  9177 | D:9      | Danger: Low HP Warning |T2| Reason: 47% HP (34/72)
  9178 | D:9      | Danger: Low HP Warning |T2| Reason: 47% HP (34/72)
  9179 | D:9      | Danger: Low HP Warning |T2| Reason: 47% HP (34/72)
  9180 | D:9      | Danger: Low HP Warning |T2| Reason: 47% HP (34/72)
  9181 | D:9      | Danger: Low HP Warning |T2| Reason: 48% HP (35/72)
  9182 | D:9      | Danger: Low HP Warning |T2| Reason: 48% HP (35/72)
  9183 | D:9      | Danger: Low HP Warning |T2| Reason: 43% HP (31/72)
  9184 | D:9      | Danger: Low HP Warning |T2| Reason: 43% HP (31/72)
  9185 | D:9      | Danger: Low HP Warning |T2| Reason: 43% HP (31/72)
  9186 | D:9      | Danger: Low HP Warning |T2| Reason: 43% HP (31/72)
  9187 | D:9      | Danger: Low HP Warning |T2| Reason: 43% HP (31/72)
  9188 | D:9      | Danger: Low HP Warning |T2| Reason: 43% HP (31/72)
  9189 | D:9      | Danger: Low HP Warning |T2| Reason: 43% HP (31/72)
  9190 | D:9      | Danger: Low HP Warning |T2| Reason: 44% HP (32/72)
  9191 | D:9      | Danger: Low HP Warning |T2| Reason: 44% HP (32/72)
  9192 | D:9      | Danger: Low HP Warning |T2| Reason: 44% HP (32/72)
  9193 | D:9      | Noticed ChongLi's ghost (novice DgHu)
  9194 | D:9      | Danger: Low HP Warning |T2| Reason: 44% HP (32/72)
  9196 | D:9      | Danger: Low HP Warning |T3| Reason: 16% HP (12/72)
  9197 | D:9      | Danger: Low HP Warning |T3| Reason: 16% HP (12/72)
  9198 | D:9      | Danger: Low HP Warning |T3| Reason: 16% HP (12/72)
  9199 | D:9      | Danger: Low HP Warning |T3| Reason: 16% HP (12/72)
  9200 | D:9      | Danger: Low HP Warning |T3| Reason: 18% HP (13/72)
  9205 | D:9      | Danger: Low HP Warning |T3| Reason: 19% HP (14/72)
  9208 | D:9      | Danger: Low HP Warning |T3| Reason: 20% HP (15/72)
  9209 | D:9      | Danger: Low HP Warning |T3| Reason: 20% HP (15/72)
  9210 | D:9      | Danger: Low HP Warning |T3| Reason: 20% HP (15/72)
  9211 | D:9      | Danger: Low HP Warning |T3| Reason: 22% HP (16/72)
  9212 | D:9      | Danger: Low HP Warning |T3| Reason: 22% HP (16/72)
  9213 | D:9      | Danger: Low HP Warning |T3| Reason: 22% HP (16/72)
  9214 | D:9      | Danger: Low HP Warning |T3| Reason: 22% HP (16/72)
  9215 | D:9      | Danger: Low HP Warning |T3| Reason: 23% HP (17/72)
  9216 | D:9      | Danger: Low HP Warning |T3| Reason: 23% HP (17/72)
  9217 | D:9      | Danger: Low HP Warning |T3| Reason: 23% HP (17/72)
  9218 | D:9      | Danger: Low HP Warning |T3| Reason: 25% HP (18/72)
  9219 | D:9      | Danger: Low HP Warning |T3| Reason: 25% HP (18/72)
  9220 | D:9      | Danger: Low HP Warning |T3| Reason: 25% HP (18/72)
  9221 | D:9      | Danger: Low HP Warning |T3| Reason: 25% HP (18/72)
  9436 | D:9      | Found a transporter.
  9634 | D:9      | Danger: kobold |T2| Reason: Quivering poison darts and no
                  | rPois, careful!
  9634 | D:9      | Danger: kobold brigand |T3| Reason: Quivering curare and no
                  | rPois, watch out!!
  9639 | D:9      | Danger: kobold |T2| Reason: Quivering poison darts and no
                  | rPois, careful!
  9640 | D:9      | Danger: kobold brigand |T3| Reason: Quivering curare and no
                  | rPois, watch out!!
  9641 | D:9      | Danger: kobold brigand |T3| Reason: Quivering curare and no
                  | rPois, watch out!!
  9642 | D:9      | Danger: kobold brigand |T3| Reason: Quivering curare and no
                  | rPois, watch out!!
  9643 | D:9      | Danger: kobold brigand |T3| Reason: Quivering curare and no
                  | rPois, watch out!!
  9644 | D:9      | Danger: kobold brigand |T3| Reason: Quivering curare and no
                  | rPois, watch out!!
  9645 | D:9      | Danger: kobold brigand |T3| Reason: Quivering curare and no
                  | rPois, watch out!!
  9646 | D:9      | Danger: kobold brigand |T3| Reason: Quivering curare and no
                  | rPois, watch out!!
  9647 | D:9      | Danger: kobold brigand |T3| Reason: Quivering curare and no
                  | rPois, watch out!!
  9649 | D:9      | Danger: kobold brigand |T3| Reason: Quivering curare and no
                  | rPois, watch out!!
  9650 | D:9      | Danger: kobold brigand |T3| Reason: Quivering curare and no
                  | rPois, watch out!!
  9651 | D:9      | Danger: kobold brigand |T3| Reason: Quivering curare and no
                  | rPois, watch out!!
  9706 | D:9      | Killed a death yak
  9710 | D:9      | Killed a death yak
  9712 | D:9      | Killed a death yak
  9760 | D:9      | Danger: hornet |T3| Reason: AF_POISON_PARALYSE and no rPois
  9761 | D:9      | Danger: hornet |T3| Reason: AF_POISON_PARALYSE and no rPois
  9762 | D:9      | Danger: hornet |T3| Reason: AF_POISON_PARALYSE and no rPois
  9763 | D:9      | Danger: hornet |T3| Reason: AF_POISON_PARALYSE and no rPois
  9764 | D:9      | Danger: hornet |T3| Reason: AF_POISON_PARALYSE and no rPois
  9766 | D:9      | Danger: hornet |T3| Reason: AF_POISON_PARALYSE and no rPois
  9767 | D:9      | Danger: hornet |T3| Reason: AF_POISON_PARALYSE and no rPois
  9772 | D:9      | Danger: hornet |T3| Reason: AF_POISON_PARALYSE and no rPois
  9773 | D:9      | Danger: hornet |T3| Reason: AF_POISON_PARALYSE and no rPois
  9776 | D:9      | Danger: hornet |T3| Reason: AF_POISON_PARALYSE and no rPois
  9777 | D:9      | Danger: hornet |T3| Reason: AF_POISON_PARALYSE and no rPois
  9778 | D:9      | Danger: hornet |T3| Reason: AF_POISON_PARALYSE and no rPois
  9779 | D:9      | Danger: hornet |T3| Reason: AF_POISON_PARALYSE and no rPois
  9780 | D:9      | Danger: hornet |T3| Reason: AF_POISON_PARALYSE and no rPois
  9781 | D:9      | Danger: hornet |T3| Reason: AF_POISON_PARALYSE and no rPois
  9782 | D:9      | Danger: hornet |T3| Reason: AF_POISON_PARALYSE and no rPois
  9783 | D:9      | Danger: hornet |T3| Reason: AF_POISON_PARALYSE and no rPois
  9784 | D:9      | Danger: hornet |T3| Reason: AF_POISON_PARALYSE and no rPois
  9785 | D:9      | Danger: hornet |T3| Reason: AF_POISON_PARALYSE and no rPois
  9786 | D:9      | Danger: hornet |T3| Reason: AF_POISON_PARALYSE and no rPois
  9787 | D:9      | Danger: hornet |T3| Reason: AF_POISON_PARALYSE and no rPois
  9788 | D:9      | Danger: hornet |T3| Reason: AF_POISON_PARALYSE and no rPois
  9789 | D:9      | Danger: hornet |T3| Reason: AF_POISON_PARALYSE and no rPois
  9790 | D:9      | Danger: hornet |T3| Reason: AF_POISON_PARALYSE and no rPois
  9791 | D:9      | Danger: hornet |T3| Reason: AF_POISON_PARALYSE and no rPois
  9792 | D:9      | Danger: hornet |T3| Reason: AF_POISON_PARALYSE and no rPois
  9793 | D:9      | Danger: hornet |T3| Reason: AF_POISON_PARALYSE and no rPois
  9850 | D:9      | Found a stormy altar of Qazlal.
  9969 | D:9      | Found Ifabbuq's Armour Shop.
  9976 | D:9      | Found a staircase to the Orcish Mines.
  9987 | D:9      | Danger: kobold |T3| Reason: Quivering throwing nets, watch
                  | out!
  9987 | D:9      | Found a bloodstained altar of Trog.
  9993 | D:9      | Danger: kobold |T3| Reason: Quivering throwing nets, watch
                  | out!
  9994 | D:9      | Danger: kobold |T3| Reason: Quivering throwing nets, watch
                  | out!
  9995 | D:9      | Danger: kobold |T3| Reason: Quivering throwing nets, watch
                  | out!
  9996 | D:9      | Danger: kobold |T3| Reason: Quivering throwing nets, watch
                  | out!
  9997 | D:9      | Danger: kobold |T3| Reason: Quivering throwing nets, watch
                  | out!
  9998 | D:9      | Danger: kobold |T3| Reason: Quivering throwing nets, watch
                  | out!
 10245 | D:9      | Found a blossoming altar of Fedhas.
 10326 | D:9      | Found a snail-covered altar of Cheibriados.
 10375 | D:10     | Entered Level 10 of the Dungeon
 10734 | D:10     | Found a broken altar of Ashenzari.
 10888 | D:10     | Danger: acid dragon |T2| Reason: Spit Acid deals more than
                  | 50% MHP!
 11340 | D:11     | Danger: gargoyle |T2| Reason: Stone Arrow deals more than
                  | 50% MHP!
 11344 | D:11     | Danger: gargoyle |T2| Reason: Stone Arrow deals more than
                  | 50% MHP!
 11471 | D:11     | Danger: acid dragon |T2| Reason: Spit Acid deals more than
                  | 50% MHP!
 11477 | D:11     | Danger: acid dragon |T2| Reason: Spit Acid deals more than
                  | 50% MHP!
 11487 | D:11     | Danger: orc |T2| Reason: Quivering boomerangs, careful!
 11495 | D:11     | Danger: basilisk |T3| Reason: Petrify and low Will
 11495 | D:11     | Danger: basilisk |T2| Reason: OOD monster, careful!
 11496 | D:11     | Danger: basilisk |T3| Reason: Petrify and low Will
 11497 | D:11     | Danger: basilisk |T3| Reason: Petrify and low Will
 11498 | D:11     | Danger: basilisk |T3| Reason: Petrify and low Will
 11499 | D:11     | Danger: basilisk |T3| Reason: Petrify and low Will
 11505 | D:11     | Danger: orc |T2| Reason: Quivering boomerangs, careful!
 11509 | D:11     | Danger: basilisk |T3| Reason: Petrify and low Will
 11509 | D:11     | Danger: basilisk |T2| Reason: OOD monster, careful!
 11510 | D:11     | Danger: basilisk |T3| Reason: Petrify and low Will
 11511 | D:11     | Danger: basilisk |T3| Reason: Petrify and low Will
 11515 | D:11     | Danger: basilisk |T3| Reason: Petrify and low Will
 11515 | D:11     | Danger: basilisk |T2| Reason: OOD monster, careful!
 11516 | D:11     | Danger: basilisk |T3| Reason: Petrify and low Will
 11517 | D:11     | Danger: basilisk |T3| Reason: Petrify and low Will
 11518 | D:11     | Danger: basilisk |T3| Reason: Petrify and low Will
 11519 | D:11     | Danger: basilisk |T3| Reason: Petrify and low Will
 11520 | D:11     | Danger: basilisk |T3| Reason: Petrify and low Will
 11521 | D:11     | Danger: basilisk |T3| Reason: Petrify and low Will
 11522 | D:11     | Danger: basilisk |T3| Reason: Petrify and low Will
 11523 | D:11     | Danger: basilisk |T3| Reason: Petrify and low Will
 11523 | D:11     | Danger: Low HP Warning |T2| Reason: 59% HP (43/72)
 11524 | D:11     | Danger: basilisk |T3| Reason: Petrify and low Will
 11524 | D:11     | Danger: Low HP Warning |T2| Reason: 59% HP (43/72)
 11672 | D:11     | Danger: gargoyle |T2| Reason: Stone Arrow deals more than
                  | 50% MHP!
 11780 | D:11     | Noticed a boulder beetle
 11790 | D:11     | Danger: Low HP Warning |T2| Reason: 47% HP (34/72)
 11791 | D:11     | Danger: Low HP Warning |T2| Reason: 47% HP (34/72)
 11792 | D:11     | Danger: Low HP Warning |T2| Reason: 47% HP (34/72)
 11793 | D:11     | Danger: Low HP Warning |T2| Reason: 47% HP (34/72)
 11794 | D:11     | Danger: Low HP Warning |T2| Reason: 47% HP (34/72)
 11795 | D:11     | Danger: Low HP Warning |T2| Reason: 48% HP (35/72)
 11796 | D:11     | Danger: Low HP Warning |T2| Reason: 48% HP (35/72)
 11797 | D:11     | Danger: Low HP Warning |T2| Reason: 48% HP (35/72)
 11798 | D:11     | Danger: Low HP Warning |T2| Reason: 48% HP (35/72)
 11799 | D:11     | Danger: Low HP Warning |T2| Reason: 48% HP (35/72)
 11800 | D:11     | Danger: Low HP Warning |T2| Reason: 48% HP (35/72)
 11801 | D:11     | Danger: Low HP Warning |T2| Reason: 48% HP (35/72)
 11802 | D:11     | Danger: Low HP Warning |T2| Reason: 50% HP (36/72)
 11803 | D:11     | Danger: Low HP Warning |T2| Reason: 50% HP (36/72)
 11804 | D:11     | Danger: Low HP Warning |T2| Reason: 50% HP (36/72)
 11805 | D:11     | Danger: Low HP Warning |T2| Reason: 50% HP (36/72)
 11805 | D:11     | Killed a boulder beetle
 12044 | D:11     | Reached skill level 10 in Invocations
 12047 | D:11     | Reached XP level 12. HP: 67/77 MP: 20/20
 12181 | D:11     | Danger: Low HP Warning |T2| Reason: 55% HP (43/77)
 12814 | D:4      | Danger: Dowan |T2| Reason: Unique monster, careful!
 12814 | D:4      | Noticed Duvessa
 12815 | D:4      | Danger: Duvessa |T2| Reason: Unique monster, careful!
 12815 | D:4      | Danger: Duvessa |T2| Reason: carrying a wand of roots (12),
                  | careful!
 12817 | D:4      | Danger: Duvessa |T2| Reason: carrying a wand of roots (11),
                  | careful!
 12819 | D:4      | Danger: Duvessa |T2| Reason: carrying a wand of roots (10),
                  | careful!
 12828 | D:4      | Danger: Duvessa |T2| Reason: carrying a wand of roots (9),
                  | careful!
 12831 | D:4      | Killed Duvessa
 12832 | D:4      | Killed Dowan
 13143 | D:4      | Found an opulent altar of Gozag.
 13144 | D:4      | Found a glowing silver altar of Zin.
 13767 | D:8      | Danger: ynoxinul |T2| Reason: Iron Shot deals more than 50%
                  | MHP!
 13834 | D:8      | Danger: kobold brigand |T2| Reason: Quivering poison darts
                  | and no rPois, careful!
 13859 | D:8      | Danger: kobold brigand |T3| Reason: Quivering curare and no
                  | rPois, watch out!!
 13860 | D:8      | Danger: kobold brigand |T3| Reason: Quivering curare and no
                  | rPois, watch out!!
 13861 | D:8      | Danger: kobold brigand |T3| Reason: Quivering curare and no
                  | rPois, watch out!!
 13862 | D:8      | Danger: kobold brigand |T3| Reason: Quivering curare and no
                  | rPois, watch out!!
 13863 | D:8      | Danger: kobold brigand |T3| Reason: Quivering curare and no
                  | rPois, watch out!!
 13989 | Lair:1   | Entered Level 1 of the Lair of Beasts
 14050 | Lair:1   | Danger: Low HP Warning |T2| Reason: 59% HP (46/77)
 14052 | Lair:1   | Danger: Low HP Warning |T2| Reason: 58% HP (45/77)
 14054 | Lair:1   | Danger: Low HP Warning |T2| Reason: 55% HP (43/77)
 14055 | Lair:1   | Danger: Low HP Warning |T2| Reason: 54% HP (42/77)
 14056 | Lair:1   | Danger: Low HP Warning |T2| Reason: 54% HP (42/77)
 14057 | Lair:1   | Danger: Low HP Warning |T2| Reason: 53% HP (41/77)
 14066 | Lair:1   | Danger: Low HP Warning |T2| Reason: 48% HP (37/77)
 14067 | Lair:1   | Danger: Low HP Warning |T2| Reason: 49% HP (38/77)
 14068 | Lair:1   | Danger: Low HP Warning |T2| Reason: 49% HP (38/77)
 14069 | Lair:1   | Danger: Low HP Warning |T2| Reason: 49% HP (38/77)
 14070 | Lair:1   | Danger: Low HP Warning |T2| Reason: 49% HP (38/77)
 14072 | Lair:1   | Danger: Low HP Warning |T2| Reason: 50% HP (39/77)
 14073 | Lair:1   | Danger: Low HP Warning |T2| Reason: 50% HP (39/77)
 14075 | Lair:1   | Danger: Low HP Warning |T2| Reason: 42% HP (33/77)
 14078 | Lair:1   | Danger: Low HP Warning |T2| Reason: 44% HP (34/77)
 14081 | Lair:1   | Danger: Low HP Warning |T2| Reason: 44% HP (34/77)
 14082 | Lair:1   | Danger: Low HP Warning |T2| Reason: 44% HP (34/77)
 14083 | Lair:1   | Danger: Low HP Warning |T2| Reason: 44% HP (34/77)
 14084 | Lair:1   | Danger: Low HP Warning |T2| Reason: 44% HP (34/77)
 14281 | Lair:1   | Identified the +2 scale mail of Immorality {Harm Will+}
 14440 | Lair:1   | Danger: rime drake |T2| Reason: Flash Freeze deals more
                  | than 50% MHP!
 15070 | Lair:2   | Gained mutation: You expend magic power (3 MP) to
                  | strengthen your wands. [potion of mutation]
 15070 | Lair:2   | Gained mutation: You are weak. (Str -2) [potion of
                  | mutation]
 15070 | Lair:2   | Gained mutation: You are resistant to electric shocks.
                  | (rElec) [potion of mutation]
 15070 | Lair:2   | Gained mutation: You have an increased reservoir of magic.
                  | (+10% MP) [potion of mutation]
 15073 | Lair:2   | Danger: Low HP Warning |T2| Reason: 58% HP (45/77)
 15249 | Lair:2   | Danger: rime drake |T2| Reason: Flash Freeze deals more
                  | than 50% MHP!
 15362 | Lair:2   | Danger: Low HP Warning |T2| Reason: 55% HP (43/77)
 15659 | Lair:2   | Danger: Low HP Warning |T2| Reason: 59% HP (46/77)
 15660 | Lair:2   | Danger: Low HP Warning |T2| Reason: 59% HP (46/77)
 15661 | Lair:2   | Danger: Low HP Warning |T2| Reason: 59% HP (46/77)
 15664 | Lair:2   | Danger: Low HP Warning |T2| Reason: 59% HP (46/77)
 15665 | Lair:2   | Danger: Low HP Warning |T2| Reason: 59% HP (46/77)
 15666 | Lair:2   | Danger: Low HP Warning |T2| Reason: 59% HP (46/77)
 15672 | Lair:2   | Danger: Low HP Warning |T2| Reason: 48% HP (37/77)
 15673 | Lair:2   | Danger: Low HP Warning |T2| Reason: 48% HP (37/77)
 15674 | Lair:2   | Danger: Low HP Warning |T2| Reason: 48% HP (37/77)
 15683 | Lair:2   | Danger: Low HP Warning |T2| Reason: 51% HP (40/77)
 15684 | Lair:2   | Danger: Low HP Warning |T2| Reason: 51% HP (40/77)
 15688 | Lair:2   | Danger: Low HP Warning |T2| Reason: 53% HP (41/77)
 15689 | Lair:2   | Danger: Low HP Warning |T2| Reason: 54% HP (42/77)
 15690 | Lair:2   | Danger: Low HP Warning |T2| Reason: 54% HP (42/77)
 15691 | Lair:2   | Danger: Low HP Warning |T2| Reason: 54% HP (42/77)
 15692 | Lair:2   | Danger: Low HP Warning |T2| Reason: 55% HP (43/77)
 15693 | Lair:2   | Danger: Low HP Warning |T2| Reason: 55% HP (43/77)
 15694 | Lair:2   | Danger: Low HP Warning |T2| Reason: 55% HP (43/77)
 15695 | Lair:2   | Danger: Low HP Warning |T2| Reason: 55% HP (43/77)
 15696 | Lair:2   | Danger: Low HP Warning |T2| Reason: 57% HP (44/77)
 15697 | Lair:2   | Danger: Low HP Warning |T2| Reason: 57% HP (44/77)
 15698 | Lair:2   | Danger: Low HP Warning |T2| Reason: 57% HP (44/77)
 15699 | Lair:2   | Danger: Low HP Warning |T2| Reason: 57% HP (44/77)
 15700 | Lair:2   | Danger: Low HP Warning |T2| Reason: 57% HP (44/77)
 15701 | Lair:2   | Danger: Low HP Warning |T2| Reason: 57% HP (44/77)
 15733 | Lair:2   | Danger: Low HP Warning |T2| Reason: 51% HP (40/77)
 15734 | Lair:2   | Danger: Low HP Warning |T2| Reason: 49% HP (38/77)
 15940 | Lair:2   | Found a hole to the Spider Nest.
 16032 | Lair:2   | Noticed a five-headed hydra
 16033 | Lair:2   | Danger: five-headed hydra |T2| Reason: OOD monster,
                  | careful!
 16038 | Lair:2   | Danger: five-headed hydra |T2| Reason: OOD monster,
                  | careful!
 16070 | Lair:2   | Killed a five-headed hydra
 16338 | Lair:2   | Danger: rime drake |T2| Reason: Flash Freeze deals more
                  | than 50% MHP!
 16669 | Lair:2   | Danger: hornet |T3| Reason: AF_POISON_PARALYSE and no rPois
 16670 | Lair:2   | Danger: hornet |T3| Reason: AF_POISON_PARALYSE and no rPois
 16671 | Lair:2   | Danger: hornet |T3| Reason: AF_POISON_PARALYSE and no rPois
 16672 | Lair:2   | Danger: hornet |T3| Reason: AF_POISON_PARALYSE and no rPois
 16673 | Lair:2   | Danger: hornet |T3| Reason: AF_POISON_PARALYSE and no rPois
 16674 | Lair:2   | Danger: hornet |T3| Reason: AF_POISON_PARALYSE and no rPois
 16675 | Lair:2   | Danger: hornet |T3| Reason: AF_POISON_PARALYSE and no rPois
 16753 | Lair:2   | Danger: Low HP Warning |T2| Reason: 59% HP (46/77)
 16754 | Lair:2   | Danger: Low HP Warning |T2| Reason: 58% HP (45/77)
 17018 | Lair:2   | Reached XP level 13. HP: 82/82 MP: 25/25
 17034 | Lair:2   | Reached skill level 10 in Armour
 17079 | Lair:2   | Found the +8 whip "Snakebite" {venom, curare, rPois}
 17511 | Lair:3   | Found a staircase to the Shoals.
 18086 | Lair:3   | Danger: lindwurm |T2| Reason: Fire Breath deals more than
                  | 50% MHP!
 18107 | Lair:3   | Danger: Low HP Warning |T2| Reason: 60% HP (50/82)
 18926 | Lair:4   | Danger: Low HP Warning |T2| Reason: 59% HP (49/82)
 18927 | Lair:4   | Danger: Low HP Warning |T2| Reason: 58% HP (48/82)
 18928 | Lair:4   | Danger: Low HP Warning |T2| Reason: 57% HP (47/82)
 18929 | Lair:4   | Danger: Low HP Warning |T2| Reason: 56% HP (46/82)
 18942 | Lair:4   | Danger: Low HP Warning |T2| Reason: 48% HP (40/82)
 18943 | Lair:4   | Danger: Low HP Warning |T2| Reason: 50% HP (41/82)
 18944 | Lair:4   | Danger: Low HP Warning |T2| Reason: 50% HP (41/82)
 19114 | Lair:4   | Danger: basilisk |T3| Reason: Petrify and low Will
 19115 | Lair:4   | Danger: basilisk |T3| Reason: Petrify and low Will
 19116 | Lair:4   | Danger: basilisk |T3| Reason: Petrify and low Will
 19117 | Lair:4   | Danger: basilisk |T3| Reason: Petrify and low Will
 19118 | Lair:4   | Danger: basilisk |T3| Reason: Petrify and low Will
 19119 | Lair:4   | Danger: basilisk |T3| Reason: Petrify and low Will
 19121 | Lair:4   | Danger: basilisk |T3| Reason: Petrify and low Will
 19123 | Lair:4   | Danger: basilisk |T3| Reason: Petrify and low Will
 19126 | Lair:4   | Danger: basilisk |T3| Reason: Petrify and low Will
 19128 | Lair:4   | Danger: basilisk |T3| Reason: Petrify and low Will
 19130 | Lair:4   | Danger: basilisk |T3| Reason: Petrify and low Will
 19131 | Lair:4   | Danger: basilisk |T3| Reason: Petrify and low Will
 19132 | Lair:4   | Danger: basilisk |T3| Reason: Petrify and low Will
 19133 | Lair:4   | Danger: basilisk |T3| Reason: Petrify and low Will
 19134 | Lair:4   | Danger: basilisk |T3| Reason: Petrify and low Will
 19135 | Lair:4   | Danger: basilisk |T3| Reason: Petrify and low Will
 19136 | Lair:4   | Danger: basilisk |T3| Reason: Petrify and low Will
 19137 | Lair:4   | Danger: basilisk |T3| Reason: Petrify and low Will
 19138 | Lair:4   | Danger: basilisk |T3| Reason: Petrify and low Will
 19305 | Lair:3   | Danger: Low HP Warning |T2| Reason: 50% HP (41/82)
 19306 | Lair:3   | Danger: Low HP Warning |T2| Reason: 50% HP (41/82)
 19307 | Lair:3   | Danger: Low HP Warning |T2| Reason: 50% HP (41/82)
 19308 | Lair:3   | Danger: Low HP Warning |T2| Reason: 51% HP (42/82)
 19309 | Lair:3   | Danger: Low HP Warning |T2| Reason: 51% HP (42/82)
 19310 | Lair:3   | Danger: Low HP Warning |T2| Reason: 51% HP (42/82)
 19311 | Lair:3   | Danger: Low HP Warning |T2| Reason: 52% HP (43/82)
 19312 | Lair:3   | Danger: Low HP Warning |T2| Reason: 52% HP (43/82)
 19313 | Lair:3   | Danger: Low HP Warning |T2| Reason: 52% HP (43/82)
 19828 | Lair:3   | Found a staircase to the Shoals.
 20344 | Lair:4   | Danger: Low HP Warning |T2| Reason: 60% HP (50/82)
 20345 | Lair:4   | Danger: Low HP Warning |T2| Reason: 60% HP (50/82)
 20346 | Lair:4   | Danger: Low HP Warning |T2| Reason: 60% HP (50/82)
 20349 | Lair:4   | Danger: Low HP Warning |T2| Reason: 60% HP (50/82)
 20354 | Lair:4   | Danger: Low HP Warning |T2| Reason: 51% HP (42/82)
 20357 | Lair:4   | Danger: Low HP Warning |T2| Reason: 48% HP (40/82)
 20358 | Lair:4   | Danger: Low HP Warning |T2| Reason: 48% HP (40/82)
 20359 | Lair:4   | Danger: Low HP Warning |T2| Reason: 48% HP (40/82)
 20365 | Lair:4   | Danger: Low HP Warning |T2| Reason: 51% HP (42/82)
 20366 | Lair:4   | Danger: Low HP Warning |T2| Reason: 51% HP (42/82)
 20367 | Lair:4   | Danger: Low HP Warning |T2| Reason: 52% HP (43/82)
 20368 | Lair:4   | Danger: Low HP Warning |T2| Reason: 52% HP (43/82)
 20369 | Lair:4   | Danger: Low HP Warning |T2| Reason: 52% HP (43/82)
 20372 | Lair:4   | Danger: Low HP Warning |T2| Reason: 41% HP (34/82)
 20393 | Lair:4   | Danger: Low HP Warning |T2| Reason: 50% HP (41/82)
 20790 | Lair:4   | Danger: Low HP Warning |T2| Reason: 53% HP (44/82)
 20791 | Lair:4   | Danger: Low HP Warning |T2| Reason: 53% HP (44/82)
 20792 | Lair:4   | Danger: Low HP Warning |T2| Reason: 53% HP (44/82)
 20793 | Lair:4   | Danger: Low HP Warning |T2| Reason: 53% HP (44/82)
 20794 | Lair:4   | Danger: Low HP Warning |T2| Reason: 52% HP (43/82)
 21111 | Lair:4   | Reached skill level 5 in Stealth
 21156 | Lair:4   | Identified the +1 scale mail "Icrutuv" {rC+ Will+}
 21803 | Lair:5   | Entered Level 5 of the Lair of Beasts
 21835 | Lair:5   | Danger: Low HP Warning |T2| Reason: 58% HP (48/82)
 21836 | Lair:5   | Danger: Low HP Warning |T2| Reason: 58% HP (48/82)
 21837 | Lair:5   | Danger: Low HP Warning |T2| Reason: 54% HP (45/82)
 21838 | Lair:5   | Danger: Low HP Warning |T2| Reason: 54% HP (45/82)
 21839 | Lair:5   | Danger: Low HP Warning |T2| Reason: 52% HP (43/82)
 21840 | Lair:5   | Danger: Low HP Warning |T2| Reason: 52% HP (43/82)
 21841 | Lair:5   | Danger: Low HP Warning |T2| Reason: 51% HP (42/82)
 21843 | Lair:5   | Danger: Low HP Warning |T2| Reason: 48% HP (40/82)
 21844 | Lair:5   | Danger: Low HP Warning |T2| Reason: 48% HP (40/82)
 21846 | Lair:5   | Danger: Low HP Warning |T2| Reason: 46% HP (38/82)
 21847 | Lair:5   | Danger: Low HP Warning |T2| Reason: 47% HP (39/82)
 21848 | Lair:5   | Danger: Low HP Warning |T2| Reason: 47% HP (39/82)
 21849 | Lair:5   | Danger: Low HP Warning |T2| Reason: 47% HP (39/82)
 21850 | Lair:5   | Danger: Low HP Warning |T2| Reason: 48% HP (40/82)
 21851 | Lair:5   | Danger: Low HP Warning |T2| Reason: 42% HP (35/82)
 21852 | Lair:5   | Danger: Low HP Warning |T2| Reason: 42% HP (35/82)
 21853 | Lair:5   | Danger: Low HP Warning |T2| Reason: 42% HP (35/82)
 21854 | Lair:5   | Danger: Low HP Warning |T2| Reason: 28% HP (23/82)
 21855 | Lair:5   | Danger: Low HP Warning |T2| Reason: 28% HP (23/82)
 21856 | Lair:5   | Danger: Low HP Warning |T2| Reason: 28% HP (23/82)
 21857 | Lair:5   | Danger: Low HP Warning |T2| Reason: 29% HP (24/82)
 21858 | Lair:5   | Danger: Low HP Warning |T2| Reason: 29% HP (24/82)
 21859 | Lair:5   | Danger: Low HP Warning |T2| Reason: 29% HP (24/82)
 22312 | Lair:5   | Danger: Low HP Warning |T2| Reason: 58% HP (48/82)
 22313 | Lair:5   | Danger: Low HP Warning |T2| Reason: 58% HP (48/82)
 22314 | Lair:5   | Danger: Low HP Warning |T2| Reason: 58% HP (48/82)
 22316 | Lair:5   | Danger: Low HP Warning |T2| Reason: 58% HP (48/82)
 22317 | Lair:5   | Danger: Low HP Warning |T2| Reason: 59% HP (49/82)
 22319 | Lair:5   | Danger: Low HP Warning |T2| Reason: 59% HP (49/82)
 22320 | Lair:5   | Danger: Low HP Warning |T2| Reason: 59% HP (49/82)
 22322 | Lair:5   | Danger: Low HP Warning |T2| Reason: 59% HP (49/82)
 22323 | Lair:5   | Danger: Low HP Warning |T2| Reason: 59% HP (49/82)
 22324 | Lair:5   | Danger: Low HP Warning |T2| Reason: 59% HP (49/82)
 22326 | Lair:5   | Danger: Low HP Warning |T2| Reason: 60% HP (50/82)
 22327 | Lair:5   | Danger: Low HP Warning |T2| Reason: 60% HP (50/82)
 22329 | Lair:5   | Danger: Low HP Warning |T2| Reason: 60% HP (50/82)
 22330 | Lair:5   | Danger: Low HP Warning |T2| Reason: 60% HP (50/82)
 22332 | Lair:5   | Danger: Low HP Warning |T2| Reason: 56% HP (46/82)
 22333 | Lair:5   | Danger: Low HP Warning |T2| Reason: 56% HP (46/82)
 22335 | Lair:5   | Danger: Low HP Warning |T2| Reason: 57% HP (47/82)
 22336 | Lair:5   | Danger: Low HP Warning |T2| Reason: 57% HP (47/82)
 22338 | Lair:5   | Danger: Low HP Warning |T2| Reason: 57% HP (47/82)
 22339 | Lair:5   | Danger: Low HP Warning |T2| Reason: 57% HP (47/82)
 22341 | Lair:5   | Danger: Low HP Warning |T2| Reason: 58% HP (48/82)
 22342 | Lair:5   | Danger: Low HP Warning |T2| Reason: 58% HP (48/82)
 22343 | Lair:5   | Danger: Low HP Warning |T2| Reason: 58% HP (48/82)
 22347 | Lair:5   | Danger: Low HP Warning |T2| Reason: 58% HP (48/82)
 22352 | Lair:5   | Danger: Low HP Warning |T2| Reason: 60% HP (50/82)
 22353 | Lair:5   | Danger: Low HP Warning |T2| Reason: 60% HP (50/82)
 22354 | Lair:5   | Danger: Low HP Warning |T2| Reason: 60% HP (50/82)
 22527 | Lair:5   | Danger: Low HP Warning |T2| Reason: 51% HP (42/82)
 22528 | Lair:5   | Danger: Low HP Warning |T2| Reason: 51% HP (42/82)
 22529 | Lair:5   | Danger: Low HP Warning |T2| Reason: 41% HP (34/82)
 22530 | Lair:5   | Danger: Low HP Warning |T2| Reason: 42% HP (35/82)
 22531 | Lair:5   | Danger: Low HP Warning |T2| Reason: 42% HP (35/82)
 22532 | Lair:5   | Danger: Low HP Warning |T2| Reason: 42% HP (35/82)
 22533 | Lair:5   | Danger: Low HP Warning |T2| Reason: 42% HP (35/82)
 22534 | Lair:5   | Danger: Low HP Warning |T2| Reason: 42% HP (35/82)
 22536 | Lair:5   | Danger: Low HP Warning |T2| Reason: 31% HP (26/82)
 22537 | Lair:5   | Reached XP level 14. HP: 28/88 MP: 26/26
 22537 | Lair:5   | Danger: Low HP Warning |T2| Reason: 31% HP (28/88)
 22538 | Lair:5   | Danger: Low HP Warning |T2| Reason: 31% HP (28/88)
 22539 | Lair:5   | Danger: Low HP Warning |T2| Reason: 32% HP (29/88)
 22540 | Lair:5   | Danger: Low HP Warning |T2| Reason: 32% HP (29/88)
 22541 | Lair:5   | Danger: Low HP Warning |T2| Reason: 32% HP (29/88)
 22542 | Lair:5   | Danger: Low HP Warning |T2| Reason: 34% HP (30/88)
 22543 | Lair:5   | Danger: Low HP Warning |T2| Reason: 34% HP (30/88)
 22545 | Lair:5   | Danger: Low HP Warning |T2| Reason: 32% HP (29/88)
 22546 | Lair:5   | Danger: Low HP Warning |T2| Reason: 32% HP (29/88)
 22547 | Lair:5   | Danger: Low HP Warning |T2| Reason: 26% HP (23/88)
 22548 | Lair:5   | Danger: Low HP Warning |T2| Reason: 27% HP (24/88)
 22549 | Lair:5   | Danger: Low HP Warning |T2| Reason: 27% HP (24/88)
 22550 | Lair:5   | Danger: Low HP Warning |T2| Reason: 27% HP (24/88)
 22551 | Lair:5   | Danger: Low HP Warning |T2| Reason: 27% HP (24/88)
 22552 | Lair:5   | Danger: Low HP Warning |T2| Reason: 32% HP (29/88)
 22553 | Lair:5   | Danger: Low HP Warning |T2| Reason: 30% HP (27/88)
 22554 | Lair:5   | Danger: Low HP Warning |T2| Reason: 30% HP (27/88)
 22555 | Lair:5   | Danger: Low HP Warning |T2| Reason: 30% HP (27/88)
 22556 | Lair:5   | Danger: Low HP Warning |T2| Reason: 30% HP (27/88)
 22557 | Lair:5   | Danger: Low HP Warning |T2| Reason: 31% HP (28/88)
 22558 | Lair:5   | Danger: Low HP Warning |T2| Reason: 31% HP (28/88)
 22559 | Lair:5   | Danger: Low HP Warning |T2| Reason: 31% HP (28/88)
 22560 | Lair:5   | Danger: Low HP Warning |T2| Reason: 31% HP (28/88)
 22561 | Lair:5   | Danger: Low HP Warning |T2| Reason: 31% HP (28/88)
 22562 | Lair:5   | Danger: Low HP Warning |T2| Reason: 31% HP (28/88)
 22563 | Lair:5   | Danger: Low HP Warning |T2| Reason: 29% HP (26/88)
 22564 | Lair:5   | Danger: Low HP Warning |T2| Reason: 29% HP (26/88)
 22565 | Lair:5   | Danger: Low HP Warning |T2| Reason: 29% HP (26/88)
 22566 | Lair:5   | Danger: Low HP Warning |T2| Reason: 30% HP (27/88)
 22567 | Lair:5   | Danger: Low HP Warning |T2| Reason: 30% HP (27/88)
 22568 | Lair:5   | Danger: Low HP Warning |T2| Reason: 26% HP (23/88)
 22569 | Lair:5   | Danger: Low HP Warning |T2| Reason: 26% HP (23/88)
 22570 | Lair:5   | Danger: Low HP Warning |T2| Reason: 26% HP (23/88)
 22571 | Lair:5   | Danger: Low HP Warning |T2| Reason: 26% HP (23/88)
 22572 | Lair:5   | Danger: Low HP Warning |T2| Reason: 27% HP (24/88)
 22573 | Lair:5   | Danger: Low HP Warning |T2| Reason: 27% HP (24/88)
 22574 | Lair:5   | Danger: Low HP Warning |T2| Reason: 27% HP (24/88)
 22575 | Lair:5   | Danger: Low HP Warning |T2| Reason: 27% HP (24/88)
 22576 | Lair:5   | Danger: Low HP Warning |T2| Reason: 27% HP (24/88)
 22577 | Lair:5   | Danger: Low HP Warning |T2| Reason: 27% HP (24/88)
 22578 | Lair:5   | Danger: Low HP Warning |T2| Reason: 27% HP (24/88)
 22579 | Lair:5   | Danger: Low HP Warning |T2| Reason: 27% HP (24/88)
 22580 | Lair:5   | Danger: Low HP Warning |T2| Reason: 27% HP (24/88)
 22581 | Lair:5   | Danger: Low HP Warning |T2| Reason: 28% HP (25/88)
 22582 | Lair:5   | Danger: Low HP Warning |T2| Reason: 28% HP (25/88)
 22583 | Lair:5   | Danger: Low HP Warning |T2| Reason: 28% HP (25/88)
 22584 | Lair:5   | Danger: Low HP Warning |T2| Reason: 28% HP (25/88)
 22585 | Lair:5   | Danger: Low HP Warning |T2| Reason: 28% HP (25/88)
 22586 | Lair:5   | Danger: Low HP Warning |T2| Reason: 26% HP (23/88)
 22815 | Lair:5   | Found a staircase to the Slime Pits.
 22816 | Lair:5   | Found a viscous altar of Jiyva.
 22818 | Lair:5   | Danger: dream sheep |T2| Reason: Irresistible Dream Dust
                  | (76%), watch out!
 22818 | Lair:5   | Danger: dream sheep |T2| Reason: Irresistible Dream Dust
                  | (76%), watch out!
 22818 | Lair:5   | Danger: dream sheep |T2| Reason: Irresistible Dream Dust
                  | (76%), watch out!
 22818 | Lair:5   | Danger: dream sheep |T2| Reason: Irresistible Dream Dust
                  | (76%), watch out!
 22820 | Lair:5   | Danger: dream sheep |T2| Reason: Irresistible Dream Dust
                  | (4%), watch out!
 22840 | Lair:5   | Danger: dream sheep |T2| Reason: Irresistible Dream Dust
                  | (4%), watch out!
 22857 | Lair:5   | Danger: dream sheep |T2| Reason: Irresistible Dream Dust
                  | (4%), watch out!
 22858 | Lair:5   | Danger: dream sheep |T2| Reason: Irresistible Dream Dust
                  | (52%), watch out!
 22858 | Lair:5   | Danger: dream sheep |T2| Reason: Irresistible Dream Dust
                  | (52%), watch out!
 22861 | Lair:5   | Danger: dream sheep |T2| Reason: Irresistible Dream Dust
                  | (4%), watch out!
 22862 | Lair:5   | Danger: dream sheep |T2| Reason: Irresistible Dream Dust
                  | (52%), watch out!
 22862 | Lair:5   | Danger: dream sheep |T2| Reason: Irresistible Dream Dust
                  | (52%), watch out!
 22875 | Lair:5   | Danger: dream sheep |T2| Reason: Irresistible Dream Dust
                  | (4%), watch out!
 22877 | Lair:5   | Danger: dream sheep |T2| Reason: Irresistible Dream Dust
                  | (52%), watch out!
 22877 | Lair:5   | Danger: dream sheep |T2| Reason: Irresistible Dream Dust
                  | (52%), watch out!
 22886 | Lair:5   | Danger: dream sheep |T2| Reason: Irresistible Dream Dust
                  | (4%), watch out!
 22937 | Lair:5   | Danger: dream sheep |T2| Reason: Irresistible Dream Dust
                  | (4%), watch out!
 22946 | Lair:5   | Danger: dream sheep |T2| Reason: Irresistible Dream Dust
                  | (4%), watch out!
 23200 | Lair:5   | Danger: Low HP Warning |T2| Reason: 60% HP (53/88)
 23617 | Lair:5   | Danger: manticore |T2| Reason: OOD monster, careful!
 23639 | Lair:5   | Danger: Low HP Warning |T2| Reason: 59% HP (52/88)
 23640 | Lair:5   | Danger: Low HP Warning |T2| Reason: 59% HP (52/88)
 23641 | Lair:5   | Danger: Low HP Warning |T2| Reason: 56% HP (50/88)
 23642 | Lair:5   | Danger: Low HP Warning |T2| Reason: 56% HP (50/88)
 23643 | Lair:5   | Danger: Low HP Warning |T2| Reason: 56% HP (50/88)
 23644 | Lair:5   | Danger: Low HP Warning |T2| Reason: 43% HP (38/88)
 23646 | Lair:5   | Danger: Low HP Warning |T2| Reason: 40% HP (36/88)
 23647 | Lair:5   | Danger: Low HP Warning |T2| Reason: 40% HP (36/88)
 23648 | Lair:5   | Danger: Low HP Warning |T2| Reason: 40% HP (36/88)
 23649 | Lair:5   | Danger: Low HP Warning |T2| Reason: 40% HP (36/88)
 23650 | Lair:5   | Danger: Low HP Warning |T2| Reason: 40% HP (36/88)
 23651 | Lair:5   | Danger: Low HP Warning |T2| Reason: 40% HP (36/88)
 23652 | Lair:5   | Danger: Low HP Warning |T2| Reason: 40% HP (36/88)
 23653 | Lair:5   | Danger: Low HP Warning |T2| Reason: 42% HP (37/88)
 23654 | Lair:5   | Danger: Low HP Warning |T2| Reason: 35% HP (31/88)
 23655 | Lair:5   | Danger: Low HP Warning |T2| Reason: 35% HP (31/88)
 23656 | Lair:5   | Danger: Low HP Warning |T2| Reason: 35% HP (31/88)
 23657 | Lair:5   | Danger: Low HP Warning |T2| Reason: 35% HP (31/88)
 23658 | Lair:5   | Danger: Low HP Warning |T2| Reason: 35% HP (31/88)
 23659 | Lair:5   | Danger: Low HP Warning |T2| Reason: 35% HP (31/88)
 23660 | Lair:5   | Danger: Low HP Warning |T2| Reason: 35% HP (31/88)
 23661 | Lair:5   | Danger: Low HP Warning |T2| Reason: 35% HP (31/88)
 23662 | Lair:5   | Danger: Low HP Warning |T2| Reason: 29% HP (26/88)
 23663 | Lair:5   | Danger: Low HP Warning |T2| Reason: 29% HP (26/88)
 23664 | Lair:5   | Danger: Low HP Warning |T3| Reason: 22% HP (20/88)
 23665 | Lair:5   | Danger: Low HP Warning |T3| Reason: 22% HP (20/88)
 23666 | Lair:5   | Danger: Low HP Warning |T3| Reason: 22% HP (20/88)
 23667 | Lair:5   | Danger: Low HP Warning |T3| Reason: 14% HP (13/88)
 23668 | Lair:5   | Danger: Low HP Warning |T3| Reason: 14% HP (13/88)
 23669 | Lair:5   | Danger: Low HP Warning |T3| Reason: 14% HP (13/88)
 23670 | Lair:5   | Danger: Low HP Warning |T2| Reason: 26% HP (23/88)
 23671 | Lair:5   | Danger: Low HP Warning |T2| Reason: 26% HP (23/88)
 23672 | Lair:5   | Danger: Low HP Warning |T2| Reason: 26% HP (23/88)
 23673 | Lair:5   | Danger: Low HP Warning |T2| Reason: 26% HP (23/88)
 23674 | Lair:5   | Danger: Low HP Warning |T2| Reason: 27% HP (24/88)
 23675 | Lair:5   | Danger: Low HP Warning |T2| Reason: 26% HP (23/88)
 23676 | Lair:5   | Danger: Low HP Warning |T2| Reason: 26% HP (23/88)
 23677 | Lair:5   | Danger: Low HP Warning |T2| Reason: 26% HP (23/88)
 23678 | Lair:5   | Danger: Low HP Warning |T2| Reason: 27% HP (24/88)
 23679 | Lair:5   | Danger: Low HP Warning |T2| Reason: 27% HP (24/88)
 23680 | Lair:5   | Danger: Low HP Warning |T2| Reason: 27% HP (24/88)
 23681 | Lair:5   | Danger: Low HP Warning |T2| Reason: 27% HP (24/88)
 23682 | Lair:5   | Danger: Low HP Warning |T2| Reason: 27% HP (24/88)
 23683 | Lair:5   | Danger: Low HP Warning |T2| Reason: 27% HP (24/88)
 23684 | Lair:5   | Danger: Low HP Warning |T2| Reason: 28% HP (25/88)
 23685 | Lair:5   | Danger: Low HP Warning |T2| Reason: 28% HP (25/88)
 23686 | Lair:5   | Danger: Low HP Warning |T2| Reason: 28% HP (25/88)
 23687 | Lair:5   | Danger: Low HP Warning |T2| Reason: 28% HP (25/88)
 23688 | Lair:5   | Danger: Low HP Warning |T2| Reason: 28% HP (25/88)
 23689 | Lair:5   | Danger: Low HP Warning |T2| Reason: 28% HP (25/88)
 23690 | Lair:5   | Reached skill level 10 in Stealth
 23690 | Lair:5   | Danger: Low HP Warning |T2| Reason: 28% HP (25/88)
 23691 | Lair:5   | Danger: Low HP Warning |T2| Reason: 29% HP (26/88)
 23692 | Lair:5   | Danger: Low HP Warning |T2| Reason: 29% HP (26/88)
 23694 | Lair:5   | Danger: Low HP Warning |T2| Reason: 30% HP (27/88)
 23695 | Lair:5   | Danger: Low HP Warning |T2| Reason: 30% HP (27/88)
 23696 | Lair:5   | Danger: Low HP Warning |T3| Reason: 19% HP (17/88)
 23697 | Lair:5   | Danger: Low HP Warning |T3| Reason: 20% HP (18/88)
 23698 | Lair:5   | Danger: Low HP Warning |T3| Reason: 20% HP (18/88)
 23699 | Lair:5   | Danger: Low HP Warning |T2| Reason: 50% HP (44/88)
 23700 | Lair:5   | Danger: Low HP Warning |T2| Reason: 45% HP (40/88)
 23701 | Lair:5   | Danger: Low HP Warning |T2| Reason: 45% HP (40/88)
 23702 | Lair:5   | Danger: Low HP Warning |T2| Reason: 45% HP (40/88)
 23703 | Lair:5   | Danger: Low HP Warning |T2| Reason: 45% HP (40/88)
 23704 | Lair:5   | Danger: Low HP Warning |T2| Reason: 45% HP (40/88)
 24137 | Lair:5   | Danger: Low HP Warning |T2| Reason: 59% HP (52/88)
 24138 | Lair:5   | Danger: Low HP Warning |T2| Reason: 59% HP (52/88)
 24139 | Lair:5   | Danger: Low HP Warning |T2| Reason: 59% HP (52/88)
 24140 | Lair:5   | Danger: Low HP Warning |T2| Reason: 59% HP (52/88)
 24141 | Lair:5   | Danger: Low HP Warning |T2| Reason: 60% HP (53/88)
 24142 | Lair:5   | Danger: Low HP Warning |T2| Reason: 60% HP (53/88)
 24143 | Lair:5   | Danger: Low HP Warning |T2| Reason: 60% HP (53/88)
 24144 | Lair:5   | Danger: Low HP Warning |T2| Reason: 60% HP (53/88)
 24145 | Lair:5   | Danger: Low HP Warning |T2| Reason: 60% HP (53/88)
 24146 | Lair:5   | Danger: Low HP Warning |T2| Reason: 60% HP (53/88)
 24148 | Lair:5   | Danger: Low HP Warning |T2| Reason: 60% HP (53/88)
 24149 | Lair:5   | Danger: Low HP Warning |T2| Reason: 60% HP (53/88)
 24159 | Lair:5   | Danger: Low HP Warning |T2| Reason: 59% HP (52/88)
 24160 | Lair:5   | Danger: Low HP Warning |T2| Reason: 56% HP (50/88)
 24161 | Lair:5   | Danger: Low HP Warning |T2| Reason: 54% HP (48/88)
 24162 | Lair:5   | Danger: Low HP Warning |T2| Reason: 36% HP (32/88)
 24163 | Lair:5   | Danger: Low HP Warning |T2| Reason: 35% HP (31/88)
 24164 | Lair:5   | Danger: Low HP Warning |T2| Reason: 35% HP (31/88)
 24165 | Lair:5   | Danger: Low HP Warning |T2| Reason: 30% HP (27/88)
 24166 | Lair:5   | Danger: Low HP Warning |T2| Reason: 37% HP (33/88)
 24167 | Lair:5   | Danger: Low HP Warning |T2| Reason: 37% HP (33/88)
 24168 | Lair:5   | Danger: Low HP Warning |T2| Reason: 37% HP (33/88)
 24169 | Lair:5   | Danger: Low HP Warning |T2| Reason: 37% HP (33/88)
 24170 | Lair:5   | Danger: Low HP Warning |T2| Reason: 34% HP (30/88)
 24171 | Lair:5   | Danger: Low HP Warning |T2| Reason: 35% HP (31/88)
 24172 | Lair:5   | Danger: Low HP Warning |T2| Reason: 35% HP (31/88)
 24173 | Lair:5   | Danger: Low HP Warning |T2| Reason: 35% HP (31/88)
 24174 | Lair:5   | Danger: Low HP Warning |T2| Reason: 35% HP (31/88)
 24175 | Lair:5   | Danger: Low HP Warning |T2| Reason: 35% HP (31/88)
 24176 | Lair:5   | Danger: Low HP Warning |T2| Reason: 35% HP (31/88)
 24177 | Lair:5   | Danger: Low HP Warning |T2| Reason: 35% HP (31/88)
 24178 | Lair:5   | Danger: Low HP Warning |T2| Reason: 35% HP (31/88)
 24179 | Lair:5   | Reached skill level 5 in Dodging
 25254 | D:12     | Danger: cyclops |T2| Reason: Quivering large rocks, watch
                  | out!!
 26052 | D:12     | Danger: gnoll |T3| Reason: Quivering throwing nets, watch
                  | out!
 26053 | D:12     | Danger: gnoll |T3| Reason: Quivering throwing nets, watch
                  | out!
 26055 | D:12     | Danger: gnoll |T3| Reason: Quivering throwing nets, watch
                  | out!
 26058 | D:12     | Danger: gnoll |T3| Reason: Quivering throwing nets, watch
                  | out!
 26060 | D:12     | Danger: gnoll |T3| Reason: Quivering throwing nets, watch
                  | out!
 26062 | D:12     | Danger: gnoll |T3| Reason: Quivering throwing nets, watch
                  | out!
 26066 | D:12     | Danger: gnoll |T3| Reason: Quivering throwing nets, watch
                  | out!
 26068 | D:12     | Danger: gnoll |T3| Reason: Quivering throwing nets, watch
                  | out!
 26072 | D:12     | Danger: gnoll |T3| Reason: Quivering throwing nets, watch
                  | out!
 26074 | D:12     | Danger: gnoll |T3| Reason: Quivering throwing nets, watch
                  | out!
 26078 | D:12     | Danger: gnoll |T3| Reason: Quivering throwing nets, watch
                  | out!
 26150 | D:12     | Noticed Erolcha
 26151 | D:12     | Danger: Erolcha |T3| Reason: Banishment and low Will
 26151 | D:12     | Danger: Erolcha |T2| Reason: Unique monster, careful!
 26151 | D:12     | Danger: Erolcha |T2| Reason: carrying a wand of polymorph
                  | (4), careful!
 26391 | D:12     | Danger: Erolcha |T3| Reason: Banishment and low Will
 26391 | D:12     | Danger: Erolcha |T2| Reason: Unique monster, careful!
 26391 | D:12     | Danger: Erolcha |T2| Reason: carrying a wand of polymorph
                  | (3), careful!
 27203 | D:12     | Danger: Erolcha |T3| Reason: Banishment and low Will
 27203 | D:12     | Danger: Erolcha |T2| Reason: Unique monster, careful!
 27203 | D:12     | Danger: Erolcha |T2| Reason: carrying a wand of polymorph
                  | (2), careful!
 27207 | D:12     | Danger: Erolcha |T3| Reason: Banishment and low Will
 27207 | D:12     | Danger: Erolcha |T2| Reason: Unique monster, careful!
 27207 | D:12     | Danger: Erolcha |T2| Reason: carrying a wand of polymorph
                  | (2), careful!
 27208 | D:12     | Danger: Erolcha |T3| Reason: Banishment and low Will
 27209 | D:12     | Danger: Erolcha |T3| Reason: Banishment and low Will
 27210 | D:12     | Danger: Erolcha |T3| Reason: Banishment and low Will
 27211 | D:12     | Danger: Erolcha |T3| Reason: Banishment and low Will
 27212 | D:12     | Danger: Erolcha |T3| Reason: Banishment and low Will
 27213 | D:12     | Danger: Erolcha |T3| Reason: Banishment and low Will
 27214 | D:12     | Danger: Erolcha |T3| Reason: Banishment and low Will
 27215 | D:12     | Danger: Erolcha |T3| Reason: Banishment and low Will
 27216 | D:12     | Danger: Erolcha |T3| Reason: Banishment and low Will
 27217 | D:12     | Danger: Erolcha |T3| Reason: Banishment and low Will
 27218 | D:12     | Danger: Erolcha |T3| Reason: Banishment and low Will
 27219 | D:12     | Danger: Erolcha |T3| Reason: Banishment and low Will
 27219 | D:12     | Killed Erolcha
 27495 | D:13     | Danger: phantasmal warrior |T2| Reason: OOD monster,
                  | careful!
 27495 | D:13     | Danger: death knight |T2| Reason: OOD monster, careful!
 27521 | D:12     | Danger: Low HP Warning |T2| Reason: 57% HP (51/88)
 27522 | D:12     | Danger: Low HP Warning |T2| Reason: 57% HP (51/88)
 27523 | D:12     | Danger: Low HP Warning |T2| Reason: 35% HP (31/88)
 27524 | D:12     | Danger: Low HP Warning |T2| Reason: 35% HP (31/88)
 27525 | D:12     | Danger: Low HP Warning |T2| Reason: 35% HP (31/88)
 27526 | D:12     | Danger: Low HP Warning |T3| Reason: 15% HP (14/88)
 27527 | D:12     | Danger: Low HP Warning |T3| Reason: 15% HP (14/88)
 27528 | D:12     | Danger: Low HP Warning |T3| Reason: 15% HP (14/88)
 28017 | D:12     | Danger: death knight |T2| Reason: OOD monster, careful!
 28771 | D:13     | Noticed Rupert
 28771 | D:13     | Found a gate to the Vaults.
 28772 | D:13     | Danger: cyclops |T2| Reason: Quivering large rocks, watch
                  | out!!
 28772 | D:13     | Danger: Rupert |T3| Reason: Paralyse and low Will
 28772 | D:13     | Danger: Rupert |T2| Reason: Unique monster, careful!
 28772 | D:13     | Danger: cyclops |T2| Reason: Quivering large rocks, watch
                  | out!!
 28772 | D:13     | Danger: orc knight |T2| Reason: OOD monster, careful!
 28773 | D:13     | Danger: Rupert |T3| Reason: Paralyse and low Will
 28901 | Orc:1    | Entered Level 1 of the Orcish Mines
 28902 | Orc:1    | Danger: orc |T2| Reason: Quivering boomerangs, careful!
 28937 | Orc:1    | Danger: orc |T2| Reason: Quivering boomerangs, careful!
 28941 | Orc:1    | Danger: Low HP Warning |T2| Reason: 59% HP (52/88)
 28943 | Orc:1    | Danger: Low HP Warning |T2| Reason: 57% HP (51/88)
 28945 | Orc:1    | Danger: Low HP Warning |T2| Reason: 55% HP (49/88)
 29165 | Orc:1    | Danger: orc |T2| Reason: Quivering boomerangs, careful!
 29213 | Orc:1    | Danger: orc |T2| Reason: Quivering boomerangs, careful!
 29417 | Orc:2    | Entered Level 2 of the Orcish Mines
 29425 | Orc:2    | Found Hanguasu's Weapon Shoppe.
 29742 | Orc:2    | Found Extecoly's Weapon Boutique.
 29743 | Orc:2    | Danger: orc sorcerer |T3| Reason: Paralyse and low Will
 29743 | Orc:2    | Danger: orc sorcerer |T2| Reason: Bolt of Fire deals more
                  | than 50% MHP!
 29743 | Orc:2    | Danger: orc sorcerer |T2| Reason: Bolt of Draining deals
                  | more than 50% MHP!
 29749 | Orc:2    | Danger: orc sorcerer |T3| Reason: Paralyse and low Will
 29749 | Orc:2    | Danger: orc sorcerer |T2| Reason: Bolt of Fire deals more
                  | than 50% MHP!
 29749 | Orc:2    | Danger: orc sorcerer |T2| Reason: Bolt of Draining deals
                  | more than 50% MHP!
 29750 | Orc:2    | Danger: orc sorcerer |T3| Reason: Paralyse and low Will
 29751 | Orc:2    | Danger: orc sorcerer |T3| Reason: Paralyse and low Will
 29752 | Orc:2    | Danger: orc sorcerer |T3| Reason: Paralyse and low Will
 29753 | Orc:2    | Danger: orc sorcerer |T3| Reason: Paralyse and low Will
 29754 | Orc:2    | Danger: orc sorcerer |T3| Reason: Paralyse and low Will
 29754 | Orc:2    | Danger: orc sorcerer |T2| Reason: Bolt of Fire deals more
                  | than 50% MHP!
 29754 | Orc:2    | Danger: orc sorcerer |T2| Reason: Bolt of Draining deals
                  | more than 50% MHP!
 29754 | Orc:2    | Danger: orc sorcerer |T3| Reason: Paralyse and low Will
 29755 | Orc:2    | Danger: orc sorcerer |T3| Reason: Paralyse and low Will
 29755 | Orc:2    | Danger: orc sorcerer |T3| Reason: Paralyse and low Will
 29756 | Orc:2    | Danger: orc sorcerer |T3| Reason: Paralyse and low Will
 29756 | Orc:2    | Danger: orc sorcerer |T3| Reason: Paralyse and low Will
 29757 | Orc:2    | Danger: orc sorcerer |T3| Reason: Paralyse and low Will
 29757 | Orc:2    | Danger: orc sorcerer |T3| Reason: Paralyse and low Will
 29758 | Orc:2    | Danger: orc sorcerer |T3| Reason: Paralyse and low Will
 29759 | Orc:2    | Danger: orc sorcerer |T3| Reason: Paralyse and low Will
 29760 | Orc:2    | Danger: orc sorcerer |T3| Reason: Paralyse and low Will
 29761 | Orc:2    | Danger: orc sorcerer |T3| Reason: Paralyse and low Will
 29769 | Orc:2    | Danger: orc sorcerer |T3| Reason: Paralyse and low Will
 29769 | Orc:2    | Danger: orc sorcerer |T2| Reason: Bolt of Fire deals more
                  | than 50% MHP!
 29769 | Orc:2    | Danger: orc sorcerer |T2| Reason: Bolt of Draining deals
                  | more than 50% MHP!
 29771 | Orc:2    | Danger: orc sorcerer |T3| Reason: Paralyse and low Will
 29772 | Orc:2    | Danger: orc sorcerer |T3| Reason: Paralyse and low Will
 29773 | Orc:2    | Danger: orc sorcerer |T3| Reason: Paralyse and low Will
 29774 | Orc:2    | Danger: orc sorcerer |T3| Reason: Paralyse and low Will
 29775 | Orc:2    | Danger: orc sorcerer |T3| Reason: Paralyse and low Will
 29776 | Orc:2    | Danger: orc sorcerer |T3| Reason: Paralyse and low Will
 29777 | Orc:2    | Danger: orc sorcerer |T3| Reason: Paralyse and low Will
 29778 | Orc:2    | Danger: orc sorcerer |T3| Reason: Paralyse and low Will
 29779 | Orc:2    | Danger: orc sorcerer |T3| Reason: Paralyse and low Will
 29780 | Orc:2    | Danger: orc sorcerer |T3| Reason: Paralyse and low Will
 29781 | Orc:2    | Danger: orc sorcerer |T3| Reason: Paralyse and low Will
 29782 | Orc:2    | Danger: orc sorcerer |T3| Reason: Paralyse and low Will
 29783 | Orc:2    | Danger: orc sorcerer |T3| Reason: Paralyse and low Will
 29784 | Orc:2    | Danger: orc sorcerer |T3| Reason: Paralyse and low Will
 29785 | Orc:2    | Danger: orc sorcerer |T3| Reason: Paralyse and low Will
 29786 | Orc:2    | Danger: orc sorcerer |T3| Reason: Paralyse and low Will
 29787 | Orc:2    | Danger: orc sorcerer |T3| Reason: Paralyse and low Will
 29788 | Orc:2    | Danger: orc sorcerer |T3| Reason: Paralyse and low Will
 29789 | Orc:2    | Danger: orc sorcerer |T3| Reason: Paralyse and low Will
 29790 | Orc:2    | Danger: orc sorcerer |T3| Reason: Paralyse and low Will
 29791 | Orc:2    | Danger: orc sorcerer |T3| Reason: Paralyse and low Will
 29792 | Orc:2    | Danger: orc sorcerer |T3| Reason: Paralyse and low Will
 29793 | Orc:2    | Danger: orc sorcerer |T3| Reason: Paralyse and low Will
 29794 | Orc:2    | Danger: orc sorcerer |T3| Reason: Paralyse and low Will
 29795 | Orc:2    | Danger: orc sorcerer |T3| Reason: Paralyse and low Will
 29796 | Orc:2    | Danger: orc sorcerer |T3| Reason: Paralyse and low Will
 29797 | Orc:2    | Danger: orc sorcerer |T3| Reason: Paralyse and low Will
 29798 | Orc:2    | Danger: orc sorcerer |T3| Reason: Paralyse and low Will
 29820 | Orc:2    | Danger: ynoxinul |T2| Reason: Iron Shot deals more than 50%
                  | MHP!
 29820 | Orc:2    | Danger: Low HP Warning |T2| Reason: 50% HP (44/88)
 29821 | Orc:2    | Danger: Low HP Warning |T2| Reason: 50% HP (44/88)
 29822 | Orc:2    | Danger: Low HP Warning |T2| Reason: 51% HP (45/88)
 29823 | Orc:2    | Danger: neqoxec |T2| Reason: Malmutator in LOS
 29823 | Orc:2    | Danger: neqoxec |T2| Reason: Malmutator in LOF!
 29823 | Orc:2    | Danger: Low HP Warning |T2| Reason: 51% HP (45/88)
 29824 | Orc:2    | Danger: Low HP Warning |T2| Reason: 51% HP (45/88)
 29825 | Orc:2    | Danger: orc sorcerer |T3| Reason: Paralyse and low Will
 29825 | Orc:2    | Danger: orc sorcerer |T2| Reason: Bolt of Fire deals more
                  | than 50% MHP!
 29825 | Orc:2    | Danger: orc sorcerer |T2| Reason: Bolt of Draining deals
                  | more than 50% MHP!
 29825 | Orc:2    | Danger: Low HP Warning |T2| Reason: 51% HP (45/88)
 29826 | Orc:2    | Danger: orc sorcerer |T3| Reason: Paralyse and low Will
 29826 | Orc:2    | Danger: Low HP Warning |T2| Reason: 52% HP (46/88)
 29827 | Orc:2    | Danger: orc sorcerer |T3| Reason: Paralyse and low Will
 29827 | Orc:2    | Danger: Low HP Warning |T2| Reason: 52% HP (46/88)
 29828 | Orc:2    | Danger: Low HP Warning |T2| Reason: 37% HP (33/88)
 29829 | Orc:2    | Danger: Low HP Warning |T2| Reason: 38% HP (34/88)
 29990 | Orc:1    | Noticed Snorg
 29991 | Orc:1    | Danger: Snorg |T2| Reason: Unique monster, careful!
 29992 | Orc:1    | Danger: cyclops |T2| Reason: Quivering large rocks, watch
                  | out!!
 29992 | Orc:1    | Danger: orc sorcerer |T3| Reason: Paralyse and low Will
 29992 | Orc:1    | Danger: orc sorcerer |T2| Reason: Bolt of Fire deals more
                  | than 50% MHP!
 29992 | Orc:1    | Danger: orc sorcerer |T2| Reason: Bolt of Draining deals
                  | more than 50% MHP!
 29994 | Orc:1    | Danger: orc sorcerer |T3| Reason: Paralyse and low Will
 29994 | Orc:1    | Danger: orc sorcerer |T2| Reason: Bolt of Fire deals more
                  | than 50% MHP!
 29994 | Orc:1    | Danger: orc sorcerer |T2| Reason: Bolt of Draining deals
                  | more than 50% MHP!
 30464 | Orc:2    | Found a staircase to the Elven Halls.
 30597 | Orc:2    | Danger: Low HP Warning |T2| Reason: 46% HP (41/88)
 30598 | Orc:2    | Danger: Low HP Warning |T2| Reason: 46% HP (41/88)
 30599 | Orc:2    | Danger: Low HP Warning |T2| Reason: 47% HP (42/88)
 30600 | Orc:2    | Danger: Low HP Warning |T2| Reason: 47% HP (42/88)
 30601 | Orc:2    | Danger: Low HP Warning |T2| Reason: 47% HP (42/88)
 30602 | Orc:2    | Danger: Low HP Warning |T2| Reason: 47% HP (42/88)
 30603 | Orc:2    | Danger: Low HP Warning |T2| Reason: 47% HP (42/88)
 30604 | Orc:2    | Danger: Low HP Warning |T2| Reason: 47% HP (42/88)
 30605 | Orc:2    | Danger: Low HP Warning |T2| Reason: 47% HP (42/88)
 30606 | Orc:2    | Danger: Low HP Warning |T2| Reason: 48% HP (43/88)
 30607 | Orc:2    | Danger: Low HP Warning |T2| Reason: 45% HP (40/88)
 30608 | Orc:2    | Danger: Low HP Warning |T2| Reason: 45% HP (40/88)
 30609 | Orc:2    | Danger: Low HP Warning |T2| Reason: 45% HP (40/88)
 30610 | Orc:2    | Danger: Low HP Warning |T2| Reason: 45% HP (40/88)
 30611 | Orc:2    | Danger: Low HP Warning |T2| Reason: 45% HP (40/88)
 30612 | Orc:2    | Danger: Low HP Warning |T2| Reason: 45% HP (40/88)
 30613 | Orc:2    | Danger: Low HP Warning |T2| Reason: 46% HP (41/88)
 30614 | Orc:2    | Reached skill level 10 in Dodging
 30758 | Orc:1    | Danger: orc warrior |T2| Reason: Quivering boomerangs,
                  | careful!
 30775 | Orc:1    | Danger: Low HP Warning |T2| Reason: 54% HP (48/88)
 30776 | Orc:1    | Danger: Low HP Warning |T2| Reason: 54% HP (48/88)
 30778 | Orc:2    | Danger: Low HP Warning |T2| Reason: 53% HP (47/88)
 30779 | Orc:2    | Danger: Low HP Warning |T2| Reason: 53% HP (47/88)
 30780 | Orc:2    | Danger: Low HP Warning |T2| Reason: 53% HP (47/88)
 30781 | Orc:2    | Danger: Low HP Warning |T2| Reason: 53% HP (47/88)
 30782 | Orc:2    | Danger: Low HP Warning |T2| Reason: 53% HP (47/88)
 30783 | Orc:2    | Danger: Low HP Warning |T2| Reason: 53% HP (47/88)
 30784 | Orc:2    | Danger: Low HP Warning |T2| Reason: 54% HP (48/88)
 30785 | Orc:2    | Danger: Low HP Warning |T2| Reason: 54% HP (48/88)
 30786 | Orc:2    | Danger: Low HP Warning |T2| Reason: 53% HP (47/88)
 30787 | Orc:2    | Danger: Low HP Warning |T2| Reason: 53% HP (47/88)
 30788 | Orc:2    | Danger: Low HP Warning |T2| Reason: 53% HP (47/88)
 30789 | Orc:2    | Danger: Low HP Warning |T2| Reason: 53% HP (47/88)
 30790 | Orc:2    | Danger: Low HP Warning |T2| Reason: 53% HP (47/88)
 30791 | Orc:2    | Danger: Low HP Warning |T2| Reason: 54% HP (48/88)
 30792 | Orc:2    | Danger: Low HP Warning |T2| Reason: 54% HP (48/88)
 30793 | Orc:2    | Danger: Low HP Warning |T2| Reason: 54% HP (48/88)
 30794 | Orc:2    | Danger: Low HP Warning |T2| Reason: 54% HP (48/88)
 31132 | Orc:1    | Danger: orc warrior |T2| Reason: Quivering boomerangs,
                  | careful!
 31145 | Orc:1    | Noticed Erica
 31146 | Orc:1    | Danger: Erica |T2| Reason: Slow and low Will, careful
 31146 | Orc:1    | Danger: Erica |T2| Reason: Unique monster, careful!
 31146 | Orc:1    | Danger: Erica |T2| Reason: carrying a wand of charming (2),
                  | careful!
 31160 | Orc:1    | Danger: Erica |T2| Reason: carrying a wand of charming (1),
                  | careful!
 31164 | Orc:1    | Danger: orc sorcerer |T3| Reason: Paralyse and low Will
 31164 | Orc:1    | Danger: orc sorcerer |T2| Reason: Bolt of Fire deals more
                  | than 50% MHP!
 31164 | Orc:1    | Danger: orc sorcerer |T2| Reason: Bolt of Draining deals
                  | more than 50% MHP!
 31165 | Orc:1    | Danger: orc sorcerer |T3| Reason: Paralyse and low Will
 31166 | Orc:1    | Danger: orc sorcerer |T3| Reason: Paralyse and low Will
 31166 | Orc:1    | Noticed an orc warlord
 31167 | Orc:1    | Danger: orc sorcerer |T3| Reason: Paralyse and low Will
 31168 | Orc:1    | Danger: orc sorcerer |T3| Reason: Paralyse and low Will
 31168 | Orc:1    | Killed Erica
 31169 | Orc:1    | Reached XP level 15. HP: 76/93 MP: 18/27
 31169 | Orc:1    | Danger: orc sorcerer |T3| Reason: Paralyse and low Will
 31170 | Orc:1    | Danger: orc sorcerer |T3| Reason: Paralyse and low Will
 31171 | Orc:1    | Danger: orc sorcerer |T3| Reason: Paralyse and low Will
 31172 | Orc:1    | Danger: orc sorcerer |T3| Reason: Paralyse and low Will
 31173 | Orc:1    | Danger: orc sorcerer |T3| Reason: Paralyse and low Will
 31174 | Orc:1    | Danger: orc sorcerer |T3| Reason: Paralyse and low Will
 31175 | Orc:1    | Danger: orc sorcerer |T3| Reason: Paralyse and low Will
 31176 | Orc:1    | Danger: orc sorcerer |T3| Reason: Paralyse and low Will
 31177 | Orc:1    | Danger: orc sorcerer |T3| Reason: Paralyse and low Will
 31178 | Orc:1    | Danger: orc sorcerer |T3| Reason: Paralyse and low Will
 31179 | Orc:1    | Danger: orc sorcerer |T3| Reason: Paralyse and low Will
 31180 | Orc:1    | Danger: orc sorcerer |T3| Reason: Paralyse and low Will
 31181 | Orc:1    | Danger: orc sorcerer |T3| Reason: Paralyse and low Will
 31182 | Orc:1    | Danger: orc sorcerer |T3| Reason: Paralyse and low Will
 31183 | Orc:1    | Danger: orc sorcerer |T3| Reason: Paralyse and low Will
 31184 | Orc:1    | Danger: orc sorcerer |T3| Reason: Paralyse and low Will
 31185 | Orc:1    | Danger: orc warrior |T2| Reason: Quivering boomerangs,
                  | careful!
 31185 | Orc:1    | Danger: orc sorcerer |T3| Reason: Paralyse and low Will
 31212 | Orc:1    | Danger: Snorg |T2| Reason: Unique monster, careful!
 31213 | Orc:1    | Danger: orc warrior |T2| Reason: Quivering boomerangs,
                  | careful!
 31214 | Orc:1    | Danger: Snorg |T2| Reason: Unique monster, careful!
 31219 | Orc:1    | Danger: orc warrior |T2| Reason: Quivering boomerangs,
                  | careful!
 31225 | Orc:1    | Danger: Low HP Warning |T2| Reason: 56% HP (53/93)
 31226 | Orc:1    | Danger: Low HP Warning |T3| Reason: 21% HP (20/93)
 31227 | Orc:1    | Danger: Low HP Warning |T3| Reason: 22% HP (21/93)
 31228 | Orc:1    | Danger: Low HP Warning |T2| Reason: 30% HP (28/93)
 31229 | Orc:1    | Danger: Low HP Warning |T2| Reason: 30% HP (28/93)
 31229 | Orc:1    | Killed an orc warlord
 31230 | Orc:1    | Danger: orc warrior |T2| Reason: Quivering boomerangs,
                  | careful!
 31230 | Orc:1    | Danger: Low HP Warning |T2| Reason: 31% HP (29/93)
 31232 | Orc:1    | Danger: orc warrior |T2| Reason: Quivering boomerangs,
                  | careful!
 31232 | Orc:1    | Danger: Low HP Warning |T2| Reason: 31% HP (29/93)
 31234 | Orc:1    | Danger: Low HP Warning |T2| Reason: 32% HP (30/93)
 31235 | Orc:1    | Danger: Low HP Warning |T2| Reason: 32% HP (30/93)
 31236 | Orc:1    | Danger: Snorg |T2| Reason: Unique monster, careful!
 31236 | Orc:1    | Danger: Low HP Warning |T2| Reason: 33% HP (31/93)
 31237 | Orc:1    | Danger: Low HP Warning |T2| Reason: 33% HP (31/93)
 31238 | Orc:1    | Danger: orc warrior |T2| Reason: Quivering boomerangs,
                  | careful!
 31238 | Orc:1    | Danger: Low HP Warning |T2| Reason: 33% HP (31/93)
 31239 | Orc:1    | Danger: Low HP Warning |T2| Reason: 33% HP (31/93)
 31240 | Orc:1    | Danger: Low HP Warning |T2| Reason: 33% HP (31/93)
 31241 | Orc:1    | Danger: Low HP Warning |T2| Reason: 34% HP (32/93)
 31242 | Orc:1    | Danger: Low HP Warning |T2| Reason: 34% HP (32/93)
 31243 | Orc:1    | Danger: Low HP Warning |T2| Reason: 34% HP (32/93)
 31244 | Orc:1    | Danger: Low HP Warning |T2| Reason: 34% HP (32/93)
 31245 | Orc:1    | Danger: Low HP Warning |T2| Reason: 34% HP (32/93)
 31246 | Orc:1    | Danger: Low HP Warning |T2| Reason: 35% HP (33/93)
 31247 | Orc:1    | Danger: Low HP Warning |T2| Reason: 35% HP (33/93)
 31248 | Orc:1    | Danger: Low HP Warning |T2| Reason: 35% HP (33/93)
 31249 | Orc:1    | Danger: Low HP Warning |T2| Reason: 35% HP (33/93)
 31250 | Orc:1    | Danger: Low HP Warning |T2| Reason: 36% HP (34/93)
 31251 | Orc:1    | Danger: Low HP Warning |T2| Reason: 36% HP (34/93)
 31252 | Orc:1    | Danger: Low HP Warning |T2| Reason: 36% HP (34/93)
 31253 | Orc:1    | Danger: Low HP Warning |T2| Reason: 36% HP (34/93)
 31254 | Orc:1    | Danger: Low HP Warning |T2| Reason: 36% HP (34/93)
 31255 | Orc:1    | Danger: Low HP Warning |T2| Reason: 37% HP (35/93)
 31256 | Orc:1    | Danger: Low HP Warning |T2| Reason: 37% HP (35/93)
 31257 | Orc:1    | Danger: Low HP Warning |T2| Reason: 37% HP (35/93)
 31258 | Orc:1    | Danger: Low HP Warning |T2| Reason: 37% HP (35/93)
 31259 | Orc:1    | Danger: Low HP Warning |T2| Reason: 37% HP (35/93)
 31260 | Orc:1    | Danger: Low HP Warning |T3| Reason: 24% HP (23/93)
 31261 | Orc:1    | Danger: Low HP Warning |T3| Reason: 25% HP (24/93)
 31262 | Orc:1    | Danger: Low HP Warning |T3| Reason: 25% HP (24/93)
 31263 | Orc:1    | Danger: Low HP Warning |T3| Reason: 25% HP (24/93)
 31264 | Orc:1    | Danger: Low HP Warning |T3| Reason: 25% HP (24/93)
 31265 | Orc:1    | Danger: Low HP Warning |T3| Reason: 25% HP (24/93)
 31266 | Orc:1    | Danger: Low HP Warning |T3| Reason: 25% HP (24/93)
 31267 | Orc:1    | Danger: orc warrior |T2| Reason: Quivering boomerangs,
                  | careful!
 31267 | Orc:1    | Danger: Low HP Warning |T2| Reason: 26% HP (25/93)
 31268 | Orc:1    | Danger: Low HP Warning |T2| Reason: 26% HP (25/93)
 31269 | Orc:1    | Danger: Low HP Warning |T2| Reason: 26% HP (25/93)
 31270 | Orc:1    | Danger: Low HP Warning |T2| Reason: 26% HP (25/93)
 31271 | Orc:1    | Danger: Low HP Warning |T2| Reason: 26% HP (25/93)
 31272 | Orc:1    | Danger: orc warrior |T2| Reason: Quivering boomerangs,
                  | careful!
 31272 | Orc:1    | Danger: Low HP Warning |T2| Reason: 26% HP (25/93)
 31273 | Orc:1    | Danger: Low HP Warning |T2| Reason: 26% HP (25/93)
 31275 | Orc:1    | Danger: Low HP Warning |T2| Reason: 27% HP (26/93)
 31276 | Orc:1    | Danger: Low HP Warning |T2| Reason: 27% HP (26/93)
 31278 | Orc:1    | Danger: Low HP Warning |T2| Reason: 27% HP (26/93)
 31279 | Orc:1    | Danger: orc warrior |T2| Reason: Quivering boomerangs,
                  | careful!
 31279 | Orc:1    | Danger: Low HP Warning |T2| Reason: 29% HP (27/93)
 31280 | Orc:1    | Danger: Low HP Warning |T2| Reason: 29% HP (27/93)
 31281 | Orc:1    | Danger: Low HP Warning |T2| Reason: 29% HP (27/93)
 31282 | Orc:1    | Danger: Low HP Warning |T2| Reason: 29% HP (27/93)
 31283 | Orc:1    | Danger: Low HP Warning |T2| Reason: 30% HP (28/93)
 31284 | Orc:1    | Danger: Snorg |T2| Reason: Unique monster, careful!
 31284 | Orc:1    | Danger: Low HP Warning |T2| Reason: 30% HP (28/93)
 31285 | Orc:1    | Danger: Low HP Warning |T2| Reason: 30% HP (28/93)
 31286 | Orc:1    | Danger: Low HP Warning |T2| Reason: 30% HP (28/93)
 31495 | Orc:2    | Danger: orc sorcerer |T3| Reason: Paralyse and low Will
 31495 | Orc:2    | Danger: orc sorcerer |T2| Reason: Bolt of Fire deals more
                  | than 50% MHP!
 31495 | Orc:2    | Danger: orc sorcerer |T2| Reason: Bolt of Draining deals
                  | more than 50% MHP!
 31497 | Orc:2    | Danger: orc sorcerer |T3| Reason: Paralyse and low Will
 31497 | Orc:2    | Danger: orc sorcerer |T2| Reason: Bolt of Fire deals more
                  | than 50% MHP!
 31497 | Orc:2    | Danger: orc sorcerer |T2| Reason: Bolt of Draining deals
                  | more than 50% MHP!
 31498 | Orc:2    | Danger: orc sorcerer |T3| Reason: Paralyse and low Will
 31499 | Orc:2    | Danger: orc sorcerer |T3| Reason: Paralyse and low Will
 31500 | Orc:2    | Danger: orc sorcerer |T3| Reason: Paralyse and low Will
 31501 | Orc:2    | Danger: orc sorcerer |T3| Reason: Paralyse and low Will
 31502 | Orc:2    | Danger: orc sorcerer |T3| Reason: Paralyse and low Will
 31503 | Orc:2    | Danger: orc sorcerer |T3| Reason: Paralyse and low Will
 31504 | Orc:2    | Danger: orc sorcerer |T3| Reason: Paralyse and low Will
 31505 | Orc:2    | Danger: orc sorcerer |T3| Reason: Paralyse and low Will
 31506 | Orc:2    | Danger: orc sorcerer |T3| Reason: Paralyse and low Will
 31507 | Orc:2    | Danger: orc sorcerer |T3| Reason: Paralyse and low Will
 31508 | Orc:2    | Danger: orc sorcerer |T3| Reason: Paralyse and low Will
 31540 | Orc:1    | Danger: cyclops |T2| Reason: Quivering large rocks, watch
                  | out!!
 31666 | Orc:1    | Danger: orc warrior |T2| Reason: Quivering boomerangs,
                  | careful!
 31685 | Orc:1    | Danger: Snorg |T2| Reason: Unique monster, careful!
 31697 | Orc:1    | Killed Snorg
 32085 | Orc:2    | Danger: Low HP Warning |T2| Reason: 50% HP (48/95)
 32086 | Orc:2    | Danger: Low HP Warning |T2| Reason: 50% HP (48/95)
 32087 | Orc:2    | Danger: Low HP Warning |T2| Reason: 51% HP (49/95)
 32088 | Orc:2    | Danger: Low HP Warning |T2| Reason: 51% HP (49/95)
 32089 | Orc:2    | Danger: Low HP Warning |T2| Reason: 51% HP (49/95)
 32090 | Orc:2    | Danger: Low HP Warning |T2| Reason: 51% HP (49/95)
 32091 | Orc:2    | Danger: Low HP Warning |T2| Reason: 51% HP (49/95)
 32092 | Orc:2    | Danger: Low HP Warning |T2| Reason: 51% HP (49/95)
 32093 | Orc:2    | Danger: Low HP Warning |T2| Reason: 52% HP (50/95)
 32094 | Orc:2    | Danger: Low HP Warning |T2| Reason: 52% HP (50/95)
 32095 | Orc:2    | Danger: Low HP Warning |T2| Reason: 52% HP (50/95)
 32096 | Orc:2    | Danger: Low HP Warning |T2| Reason: 52% HP (50/95)
 32097 | Orc:2    | Danger: Low HP Warning |T2| Reason: 52% HP (50/95)
 32098 | Orc:2    | Danger: Low HP Warning |T2| Reason: 52% HP (50/95)
 32231 | Orc:2    | Found Judeotifeu's Assorted Antiques.
 32239 | Orc:2    | Found Gycsy's General Store.
 32241 | Orc:2    | Found Mugyc's Distillery.
 32250 | Orc:2    | Bought a potion of heal wounds for 60 gold pieces
 32250 | Orc:2    | Bought a potion of might for 48 gold pieces
 32250 | Orc:2    | Bought a potion of heal wounds for 60 gold pieces
 32250 | Orc:2    | Bought a potion of resistance for 120 gold pieces
 32250 | Orc:2    | Bought a potion of heal wounds for 60 gold pieces
 32250 | Orc:2    | Bought a potion of resistance for 120 gold pieces
 32250 | Orc:2    | Bought a potion of haste for 120 gold pieces
 32250 | Orc:2    | Bought a potion of curing for 36 gold pieces
 32254 | Orc:2    | Bought a scroll of identify for 28 gold pieces
 32262 | Orc:2    | Bought a scroll of identify for 40 gold pieces
 32264 | Orc:2    | Identified a scroll of acquirement
 32266 | Orc:2    | Acquired 897 gold pieces
 32339 | Orc:2    | Danger: Low HP Warning |T2| Reason: 60% HP (58/96)
 32340 | Orc:2    | Danger: Low HP Warning |T2| Reason: 60% HP (58/96)
 32341 | Orc:2    | Danger: Low HP Warning |T2| Reason: 47% HP (46/96)
 32342 | Orc:2    | Danger: Low HP Warning |T2| Reason: 38% HP (37/96)
 32343 | Orc:2    | Danger: Low HP Warning |T2| Reason: 38% HP (37/96)
 32344 | Orc:2    | Danger: Low HP Warning |T2| Reason: 39% HP (38/96)
 32345 | Orc:2    | Danger: Low HP Warning |T2| Reason: 39% HP (38/96)
 32346 | Orc:2    | Danger: Low HP Warning |T2| Reason: 39% HP (38/96)
 32347 | Orc:2    | Danger: Low HP Warning |T2| Reason: 39% HP (38/96)
 32348 | Orc:2    | Danger: Low HP Warning |T2| Reason: 39% HP (38/96)
 32349 | Orc:2    | Danger: Low HP Warning |T2| Reason: 40% HP (39/96)
 32350 | Orc:2    | Danger: Low HP Warning |T2| Reason: 40% HP (39/96)
 32351 | Orc:2    | Danger: Low HP Warning |T2| Reason: 40% HP (39/96)
 32352 | Orc:2    | Danger: Low HP Warning |T2| Reason: 40% HP (39/96)
 32353 | Orc:2    | Danger: Low HP Warning |T2| Reason: 41% HP (40/96)
 32354 | Orc:2    | Danger: Low HP Warning |T2| Reason: 41% HP (40/96)
 32356 | Orc:2    | Danger: Low HP Warning |T2| Reason: 41% HP (40/96)
 32357 | Orc:2    | Danger: Low HP Warning |T2| Reason: 41% HP (40/96)
 32358 | Orc:2    | Danger: Low HP Warning |T2| Reason: 41% HP (40/96)
 32430 | D:7      | Bought a box of beasts for 1440 gold pieces
 32761 | D:13     | Danger: phantasmal warrior |T2| Reason: OOD monster,
                  | careful!
 32771 | D:12     | Danger: skeletal warrior |T2| Reason: OOD monster, careful!
 32893 | D:12     | Danger: skeletal warrior |T2| Reason: OOD monster, careful!
 32903 | D:12     | Danger: Low HP Warning |T2| Reason: 60% HP (58/96)
 32904 | D:12     | Danger: Low HP Warning |T2| Reason: 60% HP (58/96)
 32905 | D:12     | Danger: Low HP Warning |T2| Reason: 60% HP (58/96)
 32906 | D:12     | Danger: Low HP Warning |T2| Reason: 60% HP (58/96)
 32907 | D:12     | Danger: Low HP Warning |T2| Reason: 60% HP (58/96)
 33014 | D:13     | Danger: Rupert |T3| Reason: Paralyse and low Will
 33014 | D:13     | Danger: Rupert |T2| Reason: Unique monster, careful!
 33015 | D:13     | Danger: Rupert |T3| Reason: Paralyse and low Will
 33016 | D:13     | Danger: Rupert |T3| Reason: Paralyse and low Will
 33017 | D:13     | Danger: orc knight |T2| Reason: OOD monster, careful!
 33017 | D:13     | Danger: Rupert |T3| Reason: Paralyse and low Will
 33018 | D:13     | Danger: Rupert |T3| Reason: Paralyse and low Will
 33019 | D:13     | Danger: Rupert |T3| Reason: Paralyse and low Will
 33020 | D:13     | Danger: Rupert |T3| Reason: Paralyse and low Will
 33091 | D:13     | Danger: cyclops |T2| Reason: Quivering large rocks, watch
                  | out!!
 33091 | D:13     | Danger: cyclops |T2| Reason: Quivering large rocks, watch
                  | out!!
 33258 | D:13     | Danger: cyclops |T2| Reason: Quivering large rocks, watch
                  | out!!
 33258 | D:13     | Danger: cyclops |T2| Reason: Quivering large rocks, watch
                  | out!!
 33258 | D:13     | Danger: orc knight |T2| Reason: OOD monster, careful!
 33258 | D:13     | Danger: Rupert |T3| Reason: Paralyse and low Will
 33258 | D:13     | Danger: Rupert |T2| Reason: Unique monster, careful!
 33344 | D:13     | Danger: cyclops |T2| Reason: Quivering large rocks, watch
                  | out!!
 33344 | D:13     | Danger: Rupert |T3| Reason: Paralyse and low Will
 33344 | D:13     | Danger: Rupert |T2| Reason: Unique monster, careful!
 33344 | D:13     | Danger: orc knight |T2| Reason: OOD monster, careful!
 33344 | D:13     | Danger: cyclops |T2| Reason: Quivering large rocks, watch
                  | out!!
 33345 | D:13     | Danger: Rupert |T3| Reason: Paralyse and low Will
 33346 | D:13     | Danger: Rupert |T3| Reason: Paralyse and low Will
 33347 | D:13     | Danger: Rupert |T3| Reason: Paralyse and low Will
 33348 | D:13     | Danger: Rupert |T3| Reason: Paralyse and low Will
 33348 | D:13     | Danger: Low HP Warning |T2| Reason: 27% HP (27/97)
 33349 | D:13     | Danger: Rupert |T3| Reason: Paralyse and low Will
 33349 | D:13     | Danger: Low HP Warning |T2| Reason: 27% HP (27/97)
 33501 | D:13     | Found a glowing golden altar of the Shining One.
 33535 | D:13     | Identified the +9 dagger of Wonderful Watchfulness {freeze,
                  | rElec rPois rN+++ Str-5}
 33631 | D:13     | Danger: cyclops |T2| Reason: Quivering large rocks, watch
                  | out!!
 33689 | D:13     | Danger: orc knight |T2| Reason: OOD monster, careful!
 33771 | D:13     | Danger: cyclops |T2| Reason: Quivering large rocks, watch
                  | out!!
 33857 | D:13     | Danger: human |T2| Reason: carrying a wand of digging (5),
                  | careful!
 33873 | D:13     | Danger: human |T2| Reason: carrying a wand of digging (4),
                  | careful!
 33909 | D:13     | Danger: Rupert |T3| Reason: Paralyse and low Will
 33909 | D:13     | Danger: Rupert |T2| Reason: Unique monster, careful!
 33974 | D:14     | Danger: Low HP Warning |T2| Reason: 59% HP (59/99)
 33976 | D:14     | Danger: Low HP Warning |T2| Reason: 59% HP (59/99)
 33977 | D:14     | Danger: Low HP Warning |T2| Reason: 53% HP (53/99)
 33979 | D:14     | Danger: Low HP Warning |T2| Reason: 53% HP (53/99)
 33980 | D:14     | Danger: Low HP Warning |T2| Reason: 53% HP (53/99)
 33982 | D:14     | Danger: Low HP Warning |T2| Reason: 53% HP (53/99)
 33984 | D:14     | Danger: Low HP Warning |T2| Reason: 54% HP (54/99)
 33986 | D:14     | Danger: Low HP Warning |T2| Reason: 54% HP (54/99)
 33989 | D:14     | Danger: Low HP Warning |T2| Reason: 48% HP (48/99)
 33991 | D:14     | Danger: Low HP Warning |T2| Reason: 39% HP (39/99)
 33993 | D:14     | Danger: Low HP Warning |T2| Reason: 36% HP (36/99)
 33995 | D:14     | Danger: Low HP Warning |T2| Reason: 37% HP (37/99)
 33996 | D:14     | Danger: Low HP Warning |T2| Reason: 37% HP (37/99)
 34187 | D:14     | Found an iron altar of Okawaru.
 34224 | D:14     | Found a shadowy altar of Dithmenos.
 34239 | D:14     | Danger: catoblepas |T2| Reason: OOD monster, careful!
 34254 | D:14     | Danger: Low HP Warning |T2| Reason: 41% HP (41/99)
 34255 | D:14     | Danger: Low HP Warning |T2| Reason: 42% HP (42/99)
 34256 | D:14     | Danger: Low HP Warning |T2| Reason: 42% HP (42/99)
 34459 | D:14     | Danger: boggart |T2| Reason: OOD monster, careful!
 34459 | D:14     | Danger: boggart |T2| Reason: OOD monster, careful!
 34459 | D:14     | Danger: boggart |T2| Reason: OOD monster, careful!
 34463 | D:14     | Danger: boggart |T2| Reason: OOD monster, careful!
 34465 | D:14     | Danger: boggart |T2| Reason: OOD monster, careful!
 34468 | D:14     | Danger: boggart |T2| Reason: OOD monster, careful!
 34473 | D:14     | Danger: boggart |T2| Reason: OOD monster, careful!
 34475 | D:14     | Danger: boggart |T2| Reason: OOD monster, careful!
 34603 | D:14     | Danger: freezing wraith |T2| Reason: OOD monster, careful!
 34739 | D:14     | Danger: hornet simulacrum |T2| Reason: OOD monster,
                  | careful!
 34792 | D:14     | Identified the +4 hand axe "Zopt" {venom, Str+3}
 35019 | D:14     | Found Hanun's Assorted Antiques.
 35039 | D:14     | Bought an ichor-stained cloak for 190 gold pieces
 35039 | D:14     | Identified the +0 cloak of the Sea {Rampage MP+9} (You
                  | bought it in a shop on level 14 of the Dungeon)
 35039 | D:14     | Bought an encrusted ring mail for 180 gold pieces
 35039 | D:14     | Identified the +5 ring mail of Catatonia {rN+} (You bought
                  | it in a shop on level 14 of the Dungeon)
 35039 | D:14     | Bought a dark potion for 18 gold pieces
 35039 | D:14     | Bought a wand of light (4) for 336 gold pieces
 35094 | D:14     | Bought a glowing long sword for 130 gold pieces
 35307 | D:14     | Found a runed translucent door.
 35311 | D:14     | Noticed Axipewex's ghost (journeyman OgTm)
 35456 | D:14     | Identified the +3 war axe of the Skies Above {heavy,
                  | Fragile Int+4 Dex+5}
 35467 | D:14     | Killed Axipewex's ghost
 35580 | D:15     | Entered Level 15 of the Dungeon
 35680 | D:15     | Danger: Low HP Warning |T2| Reason: 59% HP (59/100)
 35681 | D:15     | Danger: Low HP Warning |T2| Reason: 56% HP (56/100)
 35682 | D:15     | Danger: Low HP Warning |T2| Reason: 57% HP (57/100)
 35684 | D:15     | Danger: Low HP Warning |T2| Reason: 57% HP (57/100)
 35685 | D:15     | Danger: Low HP Warning |T2| Reason: 58% HP (58/100)
 35686 | D:15     | Danger: Low HP Warning |T2| Reason: 58% HP (58/100)
 35687 | D:15     | Danger: Low HP Warning |T2| Reason: 54% HP (54/100)
 35688 | D:15     | Danger: Low HP Warning |T2| Reason: 55% HP (55/100)
 35689 | D:15     | Danger: Low HP Warning |T2| Reason: 55% HP (55/100)
 35690 | D:15     | Danger: Low HP Warning |T2| Reason: 55% HP (55/100)
 35691 | D:15     | Danger: Low HP Warning |T2| Reason: 56% HP (56/100)
 35692 | D:15     | Danger: Low HP Warning |T2| Reason: 56% HP (56/100)
 35693 | D:15     | Danger: Low HP Warning |T2| Reason: 56% HP (56/100)
 35694 | D:15     | Danger: Low HP Warning |T2| Reason: 57% HP (57/100)
 35695 | D:15     | Danger: Low HP Warning |T2| Reason: 57% HP (57/100)
 35696 | D:15     | Danger: Low HP Warning |T2| Reason: 57% HP (57/100)
 35697 | D:15     | Danger: Low HP Warning |T2| Reason: 58% HP (58/100)
 35698 | D:15     | Danger: Low HP Warning |T2| Reason: 58% HP (58/100)
 35699 | D:15     | Danger: Low HP Warning |T2| Reason: 58% HP (58/100)
 35700 | D:15     | Danger: Low HP Warning |T2| Reason: 58% HP (58/100)
 35704 | D:15     | Danger: Low HP Warning |T2| Reason: 60% HP (60/100)
 35705 | D:15     | Danger: Low HP Warning |T2| Reason: 60% HP (60/100)
 35706 | D:15     | Danger: Low HP Warning |T2| Reason: 60% HP (60/100)
 35707 | D:15     | Danger: Low HP Warning |T2| Reason: 60% HP (60/100)
 35708 | D:15     | Danger: Low HP Warning |T2| Reason: 60% HP (60/100)
 35871 | D:15     | Found a transporter.
 35873 | D:15     | Found Fijem's Magic Scroll Emporium.
 35920 | D:15     | Danger: deep elf pyromancer |T2| Reason: Bolt of Fire deals
                  | more than 50% MHP!
 35970 | D:15     | Found a transporter.
 35994 | D:15     | Bought a scroll of teleportation for 36 gold pieces
 35994 | D:15     | Bought a scroll of teleportation for 36 gold pieces
 35994 | D:15     | Bought a scroll of teleportation for 36 gold pieces
 35994 | D:15     | Bought a scroll of magic mapping for 90 gold pieces
 35995 | D:15     | Bought a scroll of identify for 24 gold pieces
 35998 | D:15     | Bought a scroll of identify for 24 gold pieces
 36089 | D:15     | Found a staircase to the Depths.
 36090 | D:15     | Danger: flayed ghost |T2| Reason: OOD monster, careful!
 36102 | D:15     | Danger: necromancer |T2| Reason: OOD monster, careful!
 36102 | D:15     | Danger: necromancer |T2| Reason: Bolt of Draining deals
                  | more than 50% MHP!
 36104 | D:15     | Reached skill level 5 in Long Blades
 36131 | D:15     | Danger: Low HP Warning |T2| Reason: 59% HP (59/100)
 36132 | D:15     | Danger: Low HP Warning |T2| Reason: 60% HP (60/100)
 36133 | D:15     | Danger: Low HP Warning |T2| Reason: 60% HP (60/100)
 36134 | D:15     | Danger: Low HP Warning |T2| Reason: 60% HP (60/100)
 36135 | D:15     | Danger: Low HP Warning |T2| Reason: 60% HP (60/100)
 36136 | D:15     | Danger: Low HP Warning |T2| Reason: 60% HP (60/100)
 36137 | D:15     | Danger: Low HP Warning |T2| Reason: 50% HP (50/100)
 36138 | D:15     | Danger: Low HP Warning |T2| Reason: 50% HP (50/100)
 36139 | D:15     | Danger: Low HP Warning |T2| Reason: 44% HP (44/100)
 36140 | D:15     | Danger: Low HP Warning |T2| Reason: 39% HP (39/100)
 36141 | D:15     | Danger: Low HP Warning |T2| Reason: 39% HP (39/100)
 36142 | D:15     | Danger: Low HP Warning |T2| Reason: 40% HP (40/100)
 36143 | D:15     | Danger: Low HP Warning |T3| Reason: 20% HP (20/100)
 36144 | D:15     | Danger: Low HP Warning |T3| Reason: 20% HP (20/100)
 36145 | D:15     | Danger: Low HP Warning |T3| Reason: 20% HP (20/100)
 36374 | D:15     | Danger: necromancer |T2| Reason: OOD monster, careful!
 36374 | D:15     | Danger: necromancer |T2| Reason: Bolt of Draining deals
                  | more than 50% MHP!
 36839 | D:13     | Danger: Rupert |T3| Reason: Paralyse and low Will
 36839 | D:13     | Danger: Rupert |T2| Reason: Unique monster, careful!
 36843 | D:13     | Danger: Rupert |T3| Reason: Paralyse and low Will
 36843 | D:13     | Danger: Rupert |T2| Reason: Unique monster, careful!
 36844 | D:13     | Danger: Rupert |T3| Reason: Paralyse and low Will
 36845 | D:13     | Danger: Rupert |T3| Reason: Paralyse and low Will
 36846 | D:13     | Danger: Rupert |T3| Reason: Paralyse and low Will
 36847 | D:13     | Danger: Rupert |T3| Reason: Paralyse and low Will
 36848 | D:13     | Danger: Rupert |T3| Reason: Paralyse and low Will
 36848 | D:13     | Killed Rupert
 36849 | D:13     | Reached XP level 16. HP: 106/106 MP: 24/28
 36939 | D:13     | Danger: cyclops |T2| Reason: Quivering large rocks, watch
                  | out!!
 37300 | D:13     | :bug note: Vaults entry is displaying on ^o as "D:12 D:13",
                  | even though I've found the entry on D:13 ?
 37451 | Shoals:1 | Entered Level 1 of the Shoals
 37452 | Shoals:1 | Danger: dream sheep |T2| Reason: Irresistible Dream Dust
                  | (52%), watch out!
 37452 | Shoals:1 | Danger: dream sheep |T2| Reason: Irresistible Dream Dust
                  | (52%), watch out!
 37454 | Shoals:1 | Danger: cyclops |T2| Reason: Quivering large rocks, watch
                  | out!!
 37458 | Shoals:1 | Danger: dream sheep |T2| Reason: Irresistible Dream Dust
                  | (76%), watch out!
 37458 | Shoals:1 | Danger: dream sheep |T2| Reason: Irresistible Dream Dust
                  | (76%), watch out!
 37458 | Shoals:1 | Danger: dream sheep |T2| Reason: Irresistible Dream Dust
                  | (76%), watch out!
 37458 | Shoals:1 | Danger: dream sheep |T2| Reason: Irresistible Dream Dust
                  | (76%), watch out!
 37459 | Shoals:1 | Danger: Low HP Warning |T2| Reason: 55% HP (59/106)
 37461 | Lair:3   | Danger: Low HP Warning |T2| Reason: 51% HP (55/106)
 37462 | Lair:3   | Danger: Low HP Warning |T2| Reason: 43% HP (46/106)
 37463 | Lair:3   | Danger: Low HP Warning |T2| Reason: 44% HP (47/106)
 37464 | Lair:3   | Danger: Low HP Warning |T2| Reason: 44% HP (47/106)
 37726 | Shoals:1 | Danger: dream sheep |T2| Reason: Irresistible Dream Dust
                  | (76%), watch out!
 37726 | Shoals:1 | Danger: dream sheep |T2| Reason: Irresistible Dream Dust
                  | (76%), watch out!
 37726 | Shoals:1 | Danger: dream sheep |T2| Reason: Irresistible Dream Dust
                  | (76%), watch out!
 37726 | Shoals:1 | Danger: cyclops |T2| Reason: Quivering large rocks, watch
                  | out!!
 37726 | Shoals:1 | Danger: dream sheep |T2| Reason: Irresistible Dream Dust
                  | (76%), watch out!
 37728 | Lair:3   | Danger: dream sheep |T2| Reason: Irresistible Dream Dust
                  | (4%), watch out!
 37728 | Lair:3   | Danger: dream sheep |T2| Reason: OOD monster, careful!
 37843 | Shoals:1 | Danger: dream sheep |T2| Reason: Irresistible Dream Dust
                  | (68%), watch out!
 37843 | Shoals:1 | Danger: dream sheep |T2| Reason: Irresistible Dream Dust
                  | (68%), watch out!
 37843 | Shoals:1 | Danger: dream sheep |T2| Reason: Irresistible Dream Dust
                  | (68%), watch out!
 37843 | Shoals:1 | Danger: cyclops |T2| Reason: Quivering large rocks, watch
                  | out!!
 37845 | Shoals:1 | Danger: Low HP Warning |T2| Reason: 55% HP (59/106)
 37847 | Lair:3   | Danger: dream sheep |T2| Reason: Irresistible Dream Dust
                  | (52%), watch out!
 37847 | Lair:3   | Danger: dream sheep |T2| Reason: OOD monster, careful!
 37847 | Lair:3   | Danger: dream sheep |T2| Reason: Irresistible Dream Dust
                  | (52%), watch out!
 37847 | Lair:3   | Danger: dream sheep |T2| Reason: OOD monster, careful!
 37847 | Lair:3   | Danger: Low HP Warning |T2| Reason: 54% HP (58/106)
 37848 | Lair:3   | Danger: Low HP Warning |T2| Reason: 54% HP (58/106)
 37849 | Lair:3   | Danger: dream sheep |T2| Reason: Irresistible Dream Dust
                  | (4%), watch out!
 37849 | Lair:3   | Danger: Low HP Warning |T2| Reason: 55% HP (59/106)
 37850 | Lair:3   | Danger: Low HP Warning |T2| Reason: 50% HP (53/106)
 37851 | Lair:3   | Danger: Low HP Warning |T2| Reason: 46% HP (49/106)
 37852 | Lair:3   | Danger: Low HP Warning |T2| Reason: 38% HP (41/106)
 37853 | Lair:3   | Danger: Low HP Warning |T2| Reason: 38% HP (41/106)
 37854 | Lair:3   | Danger: Low HP Warning |T2| Reason: 38% HP (41/106)
 37855 | Lair:3   | Danger: Low HP Warning |T2| Reason: 39% HP (42/106)
 38131 | Shoals:1 | Danger: dream sheep |T2| Reason: Irresistible Dream Dust
                  | (4%), watch out!
 38131 | Shoals:1 | Danger: cyclops |T2| Reason: Quivering large rocks, watch
                  | out!!
 38379 | Shoals:1 | Danger: merfolk |T2| Reason: Quivering boomerangs, careful!
 38381 | Shoals:1 | Danger: merfolk aquamancer |T2| Reason: Primal Wave deals
                  | more than 50% MHP!
 38381 | Shoals:1 | Danger: merfolk aquamancer |T2| Reason: Steam Ball deals
                  | more than 50% MHP!
 38381 | Shoals:1 | Danger: merfolk aquamancer |T2| Reason: Throw Icicle deals
                  | more than 50% MHP!
 38386 | Shoals:1 | Danger: merfolk aquamancer |T2| Reason: Primal Wave deals
                  | more than 50% MHP!
 38386 | Shoals:1 | Danger: merfolk aquamancer |T2| Reason: Steam Ball deals
                  | more than 50% MHP!
 38386 | Shoals:1 | Danger: merfolk aquamancer |T2| Reason: Throw Icicle deals
                  | more than 50% MHP!
 38388 | Shoals:1 | Danger: Low HP Warning |T2| Reason: 45% HP (48/106)
 38389 | Shoals:1 | Danger: merfolk aquamancer |T2| Reason: Primal Wave deals
                  | more than 50% MHP!
 38389 | Shoals:1 | Danger: merfolk aquamancer |T2| Reason: Steam Ball deals
                  | more than 50% MHP!
 38389 | Shoals:1 | Danger: merfolk aquamancer |T2| Reason: Throw Icicle deals
                  | more than 50% MHP!
 38389 | Shoals:1 | Danger: Low HP Warning |T2| Reason: 30% HP (32/106)
 38389 | Shoals:1 | HP: 4/106 [drowned by a drowned soul[a merfolk avatar]
                  | (16)]
 38390 | Shoals:1 | Danger: Low HP Warning |T3| Reason: 3% HP (4/106)
 38391 | Shoals:1 | Danger: Low HP Warning |T3| Reason: 4% HP (5/106)
 38391 | Shoals:1 | Slain by a water elemental

Illustrated notes

................................#
..(.............................#
................................#
................................#
...........................<....#
...#######............###########
...#######.....><.....#
...............<∩.....###########
................@...............#
......................###########
##########............#
#............# #...########.#
##..# #.# #..# #.########### #..#
#...........# #### #############


Turn 37300 on D:13: :bug note: Vaults entry is displaying on ^o as "D:12 D:13",
even though I've found the entry on D:13 ?

Levels and vault maps discovered:
D:1:      evilmike_arrival_hilbert_curve, layout_basic
D:2:      layout_rooms
D:3:      layout_basic, hellmonk_ecumenical_altar_leap_of_faith,
          serial_corexii_hall, corexii_hall_statues_i, chequers_hall_statues_y,
          uniq_terence
D:4:      layout_cave_pods, grunt_temple_overflow_gold_and_silver,
          serial_co_window_serial, co_window_paths_b,
          co_window_of_opportunity_a, co_window_paths_a, co_window_corner_a,
          co_window_of_opportunity_a, co_window_corner_a, co_window_paths_a,
          co_window_unsneaky_path_e, co_window_corner_b, co_window_cross_3,
          co_window_of_opportunity_c, co_window_broadway_b,
          co_window_of_opportunity_c, glass_columns_c, glass_columns_b,
          glass_columns_c, glass_columns_a, glass_columns_a,
          minmay_misc_feat_plants, kennysheep_generic_room_3,
          uniq_blork_the_orc, uniq_duvessa
D:5:      layout_basic, kiku_gazebo_pond_becter
D:6:      layout_basic, old_standard_altar, temple_hall
D:7:      layout_basic, serial_shops, nicolae_shop_statue_plus,
          nicolae_shop_behind_doors, minmay_gold_behind_fungi, hex_large,
          nicolae_figureground_pulse, uniq_crazy_yiuf_cottage,
          uniq_prince_ribbit1
D:8:      kennysheep_windowed_halls, layout_basic, minmay_manual_mares
D:9:      layout_roguey [special_room_orc], kennysheep_mini, trog_hazing_becter,
          mainiacjoe_overflow_catwalk, old_standard_altar,
          nicolae_qazlal_scattered_showers, cheibrodos_worm_habitat,
          dpeg_lair_monsters, orc_0_dummy, gammafunk_ghost_arena, serial_shops,
          nicolae_take_the_stairs, serial_bayou_pond_e, dreamdust_wishing_well,
          minmay_misc_feat_iff
D:10:     layout_loops_corners, mainiacjoe_overflow_boulevard
D:11:     layout_cave_pools
D:12:     layout_basic, uniq_erolcha
D:13:     layout_long_grid, david_vaults_3, tso_oasis_becter
D:14:     layout_loops_ring, gammafunk_ghost_grave, serial_shops, shop,
          nicolae_dithmenos_shadow_blocks, okawaru_ov_weapons_minmay
D:15:     gammafunk_depths_entry_grave, layout_loops_ring, serial_bayou_pond_b,
          serial_shops, nicolae_shop_drivethru
Temple:   nicolae_temple_ecumenical_triangle
Lair:1:   beast_lair_carwin_large_1, layout_cave_pods
Lair:2:   minmay_guarded_unrand_snakebite, layout_cave_pods,
          nicolae_spider_entry_lesser_pyramids
Lair:3:   layout_roguey, nicolae_shoals_entry_roost, grunt_megastairs_4
Lair:4:   layout_regular_city, serial_bayou_ford_a
Lair:5:   hangedman_lair_caniforms_friends, layout_cave_pods,
          nicolae_slime_entry_slimehenge, infiniplex_staircase_pool
Shoals:1: layout_shoals, nicolae_shoals_arrival_archipelago
Orc:1:    layout_caves, nicolae_orc_rich_vein, uniq_snorg, uniq_erica
Orc:2:    st_orc_elflike, layout_caves, serial_shops,
          nicolae_shop_bloodbath_and_beyond

Skill      XL: |  1  2  3  4  5  6  7  8  9 10 11 12 13 14 15 16 |
---------------+-------------------------------------------------+-----
Short Blades   | 2 3 4 5 6 7 10 14 | 14.0
Fighting       | 2 4 7 10 14 | 14.0
Stealth        | 4 7 10 | 10.0
Armour         | 4 5 9 10 | 10.0
Invocations    | 6 10 12 | 12.0
Throwing       | 3 |  3.0
Evocations     | 3 |  3.0
Dodging        | 10 | 10.0
Long Blades    | 6 8 |  8.6
Spellcasting   | |  2.0
Hexes          | |  2.1

Action                     |  1- 3 |  4- 6 |  7- 9 | 10-12 | 13-15 | 16-18 || total
---------------------------+-------+-------+-------+-------+-------+-------++-------
  Melee: Dagger            |    18 |       |       |       |   341 |    94 ||   453
         Kick              |    19 |    29 |    97 |   424 |  1119 |    43 ||  1731
         Peck              |     8 |    21 |    67 |   289 |   760 |    33 ||  1178
         Short sword       |    51 |   117 |   319 |  1043 |  2212 |       ||  3742
         Punch             |     1 |     1 |     4 |    23 |    39 |     2 ||    70
  Throw: Stone             |     9 |       |       |       |       |       ||     9
         Dart              |       |     9 |    15 |    42 |    23 |       ||    89
         Boomerang         |       |       |     4 |    10 |    17 |       ||    31
         Throwing net      |       |       |       |     1 |     5 |       ||     6
 Invoke: Stomp             |       |       |       |     1 |     1 |       ||     2
         Line Pass         |       |       |       |       |    30 |       ||    30
         Grand Finale      |       |       |       |       |     3 |     1 ||     4
  Evoke: Wand              |     1 |     4 |     4 |    14 |    17 |       ||    40
         Box of beasts     |       |       |       |       |       |     1 ||     1
    Use: Scroll            |     2 |       |     8 |    13 |    26 |     1 ||    50
         Potion            |       |     1 |     2 |     3 |    12 |       ||    18
   Stab: Sleeping          |     6 |     4 |       |       |     2 |       ||    12
         Paralysed         |       |       |    11 |    52 |   127 |     8 ||   198
         Invisible         |       |       |     2 |       |     8 |       ||    10
         Held in net/web   |       |       |       |     1 |     1 |       ||     2
         Confused          |       |       |       |       |    22 |       ||    22
         Distracted        |       |       |       |       |     1 |       ||     1
         Petrifying        |       |       |       |       |     1 |       ||     1
 Armour: Leather armour    |     1 |       |       |       |       |       ||     1
         Ring mail         |    11 |    14 |     2 |       |       |       ||    27
         Chain mail        |       |       |   155 |   355 |   911 |    83 ||  1504
  Dodge: Dodged            |    23 |    53 |    69 |   195 |   733 |    58 ||  1131
